 Dungeon Crawl Stone Soup version 0.31-a0-845-g9abc20d (webtiles) character file.

Game seed: 4127719024509000178

1454567 steven32 the Evocator (level 27, 250/250 HPs)
             Began as a Red Draconian Necromancer on Oct 2, 2023.
             Was a Follower of Yredelemnul.
             Escaped with the Orb
             ... and 3 runes!
             The game lasted 03:07:59 (115106 turns).

steven32 the Evocator (Red Draconian Necromancer) Turns: 115106, Time: 03:07:59

Health: 250/250    AC: 22    Str: 15    XL:     27
Magic:  39/56      EV: 22    Int: 39    God:    Yredelemnul [*.....]
Gold:   5764       SH: 17    Dex: 19    Spells: 2/66 levels left

rFire   + + +        R - +5 dagger of Generosity {drain, rPois rCorr Int+3 Dex+4}
rCold   + . .        Z - +5 kite shield {reflect}
rNeg    + . .        (body armour unavailable)
rPois   +            (helmet restricted)
rElec   +            J - +2 cloak {rC+}
rCorr   +            K - +3 pair of gauntlets of War {Slay+5}
SInv    +            X - +1 pair of boots "Vipader" {Drain +Inv Will+ Stlth+}
Will    +++++        h - amulet "Dofece" {Will++ Regen+}
Stlth   +            n - ring of Xom's Sleight of Hands {rF+ rCorr Int+6 Stlth-}
HPRegen 1.41/turn    V - ring of Potzuc {rN+ MP+9 Int+6 SInv}
MPRegen 0.35/turn

%: reflection
@: studying 2 skills
A: breathe fire, AC +13, unfitting armour, fire resistance 2, cold-blooded,
antennae 1, electricity resistance, strong 1, no potion heal 1, inability to
drink after injury 1
0: Orb of Zot
}: 3/15 runes: barnacled, silver, gossamer
a: Breathe Fire, Renounce Religion, Evoke Invisibility, Recall Undead Harvest


You escaped.
You worshipped Yredelemnul.
Yredelemnul was most pleased with you.
You visited 11 branches of the dungeon, and saw 51 of its levels.
You visited the Abyss 1 time.
You also visited: Bailey and Ice Cave.

You collected 10643 gold pieces.
You spent 4879 gold pieces at shops.

Inventory:

Hand Weapons
 q - the +5 war axe of the Wizarding Gods {drain, *Noise rElec Str+4}
   (You found it on level 5 of the Dungeon)

   Str+4:     It affects your strength (+4).
   rElec:     It insulates you from electricity.
   *Noise:    It may make a loud noise when swung.
 R - the +5 dagger of Generosity (weapon) {drain, rPois rCorr Int+3 Dex+4}
   (You found it on level 5 of the Lair of Beasts)

   Int+3:     It affects your intelligence (+3).
   Dex+4:     It affects your dexterity (+4).
   rPois:     It protects you from poison rCorr: It protects you from acid and
   corrosion.
Missiles
 e - 11 curare-tipped darts
 A - 4 throwing nets
Armour
 J - a +2 cloak of cold resistance (worn)
 K - the +3 pair of gauntlets of War (worn) {Slay+5}
   (You acquired it on level 1 of the Spider Nest)

   Slay+5:    It affects your accuracy & damage with ranged weapons and melee
   (+5).
 X - the +1 pair of boots "Vipader" (worn) {Drain +Inv Will+ Stlth+}
   (You found it on level 4 of the Spider Nest)

   Will+:     It increases your willpower.
   +Inv:      It lets you turn invisible.
   Drain:     It drains your maximum health when unequipped.
   Stlth+:    It makes you more stealthy.
 Z - a +5 kite shield of reflection (worn)
Jewellery
 h - the amulet "Dofece" (around neck) {Will++ Regen+}
   (You found it on level 3 of the Crypt)

   [amulet of regeneration]

   Will++:    It greatly increases your willpower.
   Regen+:    It increases your rate of health regeneration.
 n - the ring of Xom's Sleight of Hands (left hand) {rF+ rCorr Int+6 Stlth-}
   (You found it on level 3 of the Dungeon)

   [ring of intelligence]

   Int+6:     It affects your intelligence (+6).
   rF+:       It protects you from fire.
   rCorr:     It protects you from acid and corrosion.
   Stlth-:    It makes you less stealthy.
 s - the ring "Suus" {Fly rPois MP+9 Dex+2}
   (You found it on level 2 of the Depths)

   [ring of flight]

   Dex+2:     It affects your dexterity (+2).
   rPois:     It protects you from poison MP+9: It affects your magic capacity
   (+9).
   Fly:       It grants you flight.
 D - the ring of Relativism {Fly rPois rF+ Str+4}
   (You bought it in a shop on level 2 of the Elven Halls)

   [ring of flight]

   Str+4:     It affects your strength (+4).
   rF+:       It protects you from fire.
   rPois:     It protects you from poison Fly: It grants you flight.
 T - a ring of protection from cold
 U - a ring of poison resistance
 V - the ring of Potzuc (right hand) {rN+ MP+9 Int+6 SInv}
   (You bought it in a shop on level 2 of the Orcish Mines)

   [ring of intelligence]

   Int+6:     It affects your intelligence (+6).
   rN+:       It protects you from negative energy.
   MP+9:      It affects your magic capacity (+9).
   SInv:      It lets you see invisible.
Wands
 a - a wand of digging (13)
 r - a wand of charming (44)
 w - a wand of flame (124)
 y - a wand of mindburst (23)
 C - a wand of iceblast (39)
 I - a wand of quicksilver (32)
 S - a wand of polymorph (27)
Scrolls
 b - 7 scrolls of fog
 d - 8 scrolls of teleportation
 f - 6 scrolls of enchant armour
 o - 5 scrolls of silence
 p - 2 scrolls of blinking
 z - 3 scrolls of fear
 B - 4 scrolls of vulnerability
 E - 2 scrolls of butterflies
 H - 12 scrolls of immolation
 L - 5 scrolls of torment
 Q - 11 scrolls of poison
Potions
 c - 15 potions of curing
 g - 3 potions of mutation
 i - 8 potions of attraction
 j - 4 potions of ambrosia
 k - 8 potions of cancellation
 m - 7 potions of might
 t - 7 potions of lignification
 u - 2 potions of haste
 v - 2 potions of heal wounds
 x - 12 potions of enlightenment
 F - a potion of invisibility
 N - 5 potions of berserk rage
 O - 8 potions of resistance
 W - 7 potions of brilliance
 Y - a potion of magic
Miscellaneous
 l - a lightning rod (4/4)
 G - a sack of spiders
 P - a phantom mirror


   Skills:
 - Level 21.0 Fighting
 - Level 16.0 Dodging
 - Level 1.7 Stealth
 - Level 10.0 Shields
 - Level 20.1 Spellcasting
 - Level 20.0 Conjurations
 - Level 10.0 Necromancy
 - Level 20.0 Fire Magic
 - Level 12.0 Air Magic
 - Level 12.0 Earth Magic
 - Level 10.0 Poison Magic
 - Level 16.0 Invocations
 + Level 21.4 Evocations


You had 2 spell levels left.
You knew the following spells:

 Your Spells              Type           Power      Damage    Failure   Level
b - Blink                 Tloc           78%        N/A       2%          2
c - Borgnjor's Vile Clut  Necr/Erth      45%        N/A       1%          5
d - Dispel Undead         Necr           87%        3d28      1%          4
e - Plasma Beam           Fire/Air       52%        2x1d67    1%          6
f - Fireball              Conj/Fire      57%        3d22      0%          5
g - Bombard               Conj/Erth      52%        9d9       1%          6
h - Ignition              Fire           57%        3d16      2%          8
i - Ignite Poison         Fire/Tmut/Pois 87%        N/A       1%          3
k - Starburst             Conj/Fire      57%        6d15      1%          6
m - Iskenderun's Mystic   Conj/Tloc      87%        2d17      1%          4
o - Orb of Destruction    Conj           57%        9d14      1%          7
r - Olgreb's Toxic Radia  Pois           87%        N/A       1%          4
v - Poisonous Vapours     Pois/Air       100%       N/A       1%          2
z - Sublimation of Blood  Necr           87%        N/A       1%          2

Your spell library contained the following spells:

 Spells                   Type           Power      Damage    Failure   Level
 Foxfire                  Conj/Fire      100%       2x1d9     0%          1
 Kiss of Death            Conj/Necr      100%       2d13      0%          1
 Magic Dart               Conj           100%       1d8       0%          1
 Sandblast                Erth           100%       2d20      0%          1
 Shock                    Conj/Air       100%       1d9       0%          1
 Scorch                   Fire           100%       2d9       0%          2
 Searing Ray              Conj           100%       2d8       0%          2
 Static Discharge         Conj/Air       100%       2-7/arc   0%          2
 Apportation              Tloc           78%        N/A       1%          1
 Freeze                   Ice            100%       1d10      1%          1
 Necrotise                Necr           100%       1d9       1%          1
 Slow                     Hex            100%       N/A       1%          1
 Sting                    Tmut/Pois      100%       1d8       1%          1
 Summon Small Mammal      Summ           100%       N/A       1%          1
 Cigotuvi's Dreadful Rot  Necr/Pois/Air  100%       N/A       1%          2
 Momentum Strike          Conj/Tloc      100%       3d10      1%          2
 Passwall                 Tmut/Erth      60%        N/A       1%          2
 Call Imp                 Summ           78%        N/A       2%          2
 Ensorcelled Hibernation  Hex/Ice        78%        N/A       2%          2
 Jinxbite                 Hex            78%        N/A       2%          2
 Lesser Beckoning         Tloc           78%        N/A       2%          2
 Wereblood                Tmut           39%        N/A       2%          2
 Mephitic Cloud           Conj/Pois/Air  99%        N/A       0%          3
 Stone Arrow              Conj/Erth      100%       3d13      0%          3
 Flame Wave               Conj/Fire      100%       2d21      0%          4
 Sticky Flame             Conj/Fire      100%       2d11      0%          4
 Iskenderun's Battlesphe  Conj           100%       2d15      0%          5
 Dazzling Flash           Conj/Hex       100%       N/A       1%          3
 Hailstorm                Conj/Ice       87%        3d17      1%          3
 Inner Flame              Hex/Fire       87%        N/A       1%          3
 Swiftness                Air            93%        N/A       1%          3
 Vampiric Draining        Necr           87%        2d12      1%          3
 Volatile Blastmotes      Fire/Tloc      100%       2d18      1%          3
 Airstrike                Air            46%        2d(7-23)  1%          4
 Anguish                  Hex/Necr       33%        N/A       1%          4
 Brom's Barrelling Bould  Conj/Erth      100%       2d11      1%          4
 Fulminant Prism          Conj/Hex       43%        3d19      1%          4
 Leda's Liquefaction      Hex/Erth       36%        N/A       1%          4
 Petrify                  Tmut/Erth      72%        N/A       1%          4
 Summon Lightning Spire   Summ/Air       72%        N/A       1%          4
 Vhi's Electric Charge    Tloc/Air       100%       N/A       1%          4
 Agony                    Necr           87%        N/A       1%          5
 Arcjolt                  Conj/Air       52%        1d62      1%          5
 Freezing Cloud           Conj/Ice/Air   44%        6-21      1%          5
 Irradiate                Conj/Tmut      43%        3d26      1%          5
 Lee's Rapid Deconstruct  Erth           46%        3d22*     1%          5
 Conjure Ball Lightning   Conj/Air       52%        3x3d18    1%          6
 Silence                  Hex/Air        36%        N/A       3%          5
 Call Canine Familiar     Summ           39%        N/A       4%          3
 Confusing Touch          Hex            39%        N/A       4%          3
 Frozen Ramparts          Ice            78%        1d12      4%          3
 Gell's Gravitas          Tloc           39%        N/A       4%          3
 Ozocubu's Armour         Ice            39%        N/A       4%          3
 Sigil of Binding         Hex            39%        N/A       4%          3
 Summon Guardian Golem    Hex/Summ       39%        N/A       4%          3
 Teleport Other           Tloc           39%        N/A       4%          3
 Tukima's Dance           Hex            39%        N/A       4%          3
 Alistair's Intoxication  Tmut/Pois      44%        N/A       5%          5
 Cause Fear               Hex            19%        N/A       14%         4
 Dimensional Bullseye     Hex/Tloc       19%        N/A       14%         4
 Manifold Assault         Tloc           39%        N/A       14%         4
 Passage of Golubria      Tloc           39%        N/A       14%         4
 Summon Ice Beast         Ice/Summ       39%        N/A       14%         4
 Lehudib's Crystal Spear  Conj/Erth      52%        10d12     14%         8
 Spellforged Servitor     Conj/Summ      43%        N/A       21%         7
 Eringya's Noxious Bog    Tmut/Pois      33%        4d6       28%         6
 Metabolic Englaciation   Hex/Ice        19%        N/A       38%         5
 Summon Forest            Summ/Tloc      19%        N/A       38%         5
 Summon Mana Viper        Hex/Summ       39%        N/A       38%         5
 Yara's Violent Unravell  Hex/Tmut       19%        3d9       38%         5
 Fire Storm               Conj/Fire      57%        8d14      38%         9
 Maxwell's Capacitive Co  Air            46%        ∞         56%         8
 Haunt                    Necr/Summ      33%        N/A       85%         7
 Borgnjor's Revivificati  Necr           43%        N/A       85%         8
 Infestation              Necr           43%        N/A       85%         8
 Chain Lightning          Conj/Air       52%        3d69      91%         9
 Dispersal                Tloc           19%        N/A       92%         6
 Summon Cactus Giant      Summ           19%        N/A       92%         6
 Enfeeble                 Hex            19%        N/A       100%        7
 Malign Gateway           Summ/Tloc      19%        N/A       100%        7
 Monstrous Menagerie      Summ           19%        N/A       100%        7
 Ozocubu's Refrigeration  Ice            19%        4d11      100%        7
 Summon Hydra             Summ           19%        N/A       100%        7
 Discord                  Hex            19%        N/A       100%        8
 Disjunction              Tloc           19%        N/A       100%        8
 Summon Horrible Things   Summ           19%        N/A       100%        8
 Death's Door             Necr           43%        N/A       100%        9
 Dragon's Call            Summ           19%        N/A       100%        9
 Polar Vortex             Ice            19%        12d2*     100%        9
 Shatter                  Erth           46%        3d36*     100%        9
 Animate Armour           Summ/Erth      Unusable   N/A       N/A         4
 Animate Dead             Necr           Unusable   N/A       N/A         4
 Death Channel            Necr           Unusable   N/A       N/A         6
 Simulacrum               Ice/Necr       Unusable   N/A       N/A         6

Dungeon Overview and Level Annotations

Branches:
Dungeon (15/15)            Temple (1/1) D:6            Lair (5/5) D:10
 Shoals (4/4) Lair:2       Spider (4/4) Lair:3        Slime (0/5) Lair:4
    Orc (2/2) D:11            Elf (3/3) Orc:2        Vaults (5/5) D:14
  Crypt (3/3) Vaults:2       Tomb (0/3) Crypt:3      Depths (4/4) D:15
    Zot (5/5) Depths:4     Bailey (visited)           IceCv (visited)

Altars:
Ashenzari
Cheibriados
Dithmenos
Elyvilon
Fedhas
Gozag
Hepliaklqana
Kikubaaqudgha
Makhleb
Nemelex Xobeh
Okawaru
Qazlal
Ru
Sif Muna
Trog
Uskayaw
Vehumet
Wu Jian
Xom
Yredelemnul
Zin
The Shining One
Jiyva

Shops:
D:6 [   D:9 *   D:15 !   Orc:2 :=*=   Elf:2 =   Vaults:5 !!(

Portals:
Hell: Depths:1 Depths:2 Depths:3 Depths:4
Abyss: Depths:2 Depths:3
Pandemonium: Depths:2
Ziggurat: Depths:2

Annotations:
Lair:4 3 runed translucent doors, Xagratia's ghost, journeyman MiFi
Elf:3 1 exclusion


Innate Abilities, Weirdness & Mutations

You can breathe blasts of fire.
Your fiery red scales are hard. (AC +13)
You cannot fit into any form of body armour.
Your flesh is very heat resistant. (rF++)
You are cold-blooded and may be slowed by cold attacks.
You have a pair of small antennae on your head.
You are resistant to electric shocks. (rElec)
Your muscles are strong. (Str +4, Int/Dex -1)
Potions are less effective at restoring your health.
You occasionally lose the ability to drink potions when taking damage.


Message History

Casting: Sublimation of Blood (safe; 1% risk of failure)
Confirm with . or Enter, or press ? or * to list all spells.
You don't know that spell.
You start resting.
A Hell Sentinel comes into view.
You regained 7 hp, and now have 222/242 hp.
You regained 2 mp, and now have 42/56 mp.
A Hell Sentinel is nearby!
A Hell Sentinel is nearby!
Casting: Sublimation of Blood (safe; 1% risk of failure)
Confirm with . or Enter, or press ? or * to list all spells.
Aiming: Bombard (mildly dangerous; 1% risk of failure)
Press: ? - help, Shift-Dir - straight line, f - Hell Sentinel
Aim: a Hell Sentinel (98% to hit)
The iron shot hits the Hell Sentinel!!
The Hell Sentinel is lightly wounded.
You can drink potions again.
You regained 2 hp, and now have 225/242 hp.
You now have 37/56 mp.
Casting: Bombard (mildly dangerous; 1% risk of failure)
Confirm with . or Enter, or press ? or * to list all spells.
Aiming: Borgnjor's Vile Clutch (mildly dangerous; 1% risk of failure)
Press: ? - help, Shift-Dir - straight line, f/p - Hell Sentinel
Aim: a Hell Sentinel (lightly wounded, 100% to hit)
Zombie hands grab the Hell Sentinel.
The zombie hands constrict the Hell Sentinel.
The Hell Sentinel struggles to escape constriction.
You now have 32/56 mp.
Casting: Borgnjor's Vile Clutch (mildly dangerous; 1% risk of failure)
Confirm with . or Enter, or press ? or * to list all spells.
Aiming: Bombard (mildly dangerous; 1% risk of failure)
Press: ? - help, Shift-Dir - straight line, f/p - Hell Sentinel
Aim: a Hell Sentinel (lightly wounded, constricted by zombie hands, 100% to hit)
The iron shot hits the Hell Sentinel!!
The Hell Sentinel is moderately wounded.
The blast sends you backwards.
The zombie hands constrict the Hell Sentinel, but do no damage.
The Hell Sentinel escapes!
You regained 2 hp, and now have 228/242 hp.
You now have 26/56 mp.
Casting: Bombard (mildly dangerous; 1% risk of failure)
Confirm with . or Enter, or press ? or * to list all spells.
Aiming: Bombard (mildly dangerous; 1% risk of failure)
Press: ? - help, Shift-Dir - straight line, f/p - Hell Sentinel
Aim: a Hell Sentinel (moderately wounded, 98% to hit)
The iron shot hits the Hell Sentinel!!
The Hell Sentinel is heavily wounded.
The blast sends you backwards.
You now have 21/56 mp.
Casting: Bombard (mildly dangerous; 1% risk of failure)
Confirm with . or Enter, or press ? or * to list all spells.
Aiming: Bombard (mildly dangerous; 1% risk of failure)
Press: ? - help, Shift-Dir - straight line, f/p - Hell Sentinel
Aim: a Hell Sentinel (heavily wounded, 98% to hit)
The iron shot hits the Hell Sentinel!!!
The Hell Sentinel is almost dead.
You now have 15/56 mp.
Casting: Bombard (mildly dangerous; 1% risk of failure)
Confirm with . or Enter, or press ? or * to list all spells.
You draw magical energy from your own body!
The Hell Sentinel gestures at you.
The sphere of damnation explodes!
The damnation engulfs you!!
You hear a screech!
You take 33 damage, and have 197/242 hp.
You regained 3 mp, and now have 18/56 mp.
Casting: Sublimation of Blood (safe; 1% risk of failure)
Confirm with . or Enter, or press ? or * to list all spells.
Aiming: Borgnjor's Vile Clutch (mildly dangerous; 1% risk of failure)
Press: ? - help, Shift-Dir - straight line, f/p - Hell Sentinel
Aim: a Hell Sentinel (almost dead, 100% to hit)
Zombie hands grab the Hell Sentinel.
The zombie hands constrict the Hell Sentinel.
The Hell Sentinel struggles to escape constriction.
You now have 14/56 mp.
Casting: Borgnjor's Vile Clutch (mildly dangerous; 1% risk of failure)
Confirm with . or Enter, or press ? or * to list all spells.
Aiming: Bombard (mildly dangerous; 1% risk of failure)
Press: ? - help, Shift-Dir - straight line, f/p - Hell Sentinel
Aim: a Hell Sentinel (almost dead, constricted by zombie hands, 100% to hit)
The iron shot hits the Hell Sentinel!!!
You kill the Hell Sentinel!
Sif Muna accepts your kill. The blast sends you backwards.
You regained 2 hp, and now have 200/243 hp.
You now have 8/56 mp.
Casting: Bombard (mildly dangerous; 1% risk of failure)
Confirm with . or Enter, or press ? or * to list all spells.
You draw magical energy from your own body!
You take 18 damage, and have 182/243 hp.
You regained 16 mp, and now have 24/56 mp.
Casting: Sublimation of Blood (safe; 1% risk of failure)
Confirm with . or Enter, or press ? or * to list all spells.
You draw magical energy from your own body!
You take 13 damage, and have 169/243 hp.
You regained 9 mp, and now have 33/56 mp.
You start resting.
You start resting.
An orange demon comes into view.
You regained 40 hp, and now have 209/243 hp.
You regained 10 mp, and now have 43/56 mp.
An orange demon is nearby!
An orange demon is nearby!
The orange demon screeches!
Casting: Sublimation of Blood (safe; 1% risk of failure)
Confirm with . or Enter, or press ? or * to list all spells.
Aiming: Poisonous Vapours (safe; 1% risk of failure)
Press: ? - help, Dir - move target, f - orange demon
Aim: an orange demon Poisonous vapours surround the orange demon!
The orange demon is poisoned.
You regained 2 hp, and now have 213/243 hp.
You now have 42/56 mp.
Casting: Poisonous Vapours (safe; 1% risk of failure)
Confirm with . or Enter, or press ? or * to list all spells.
Aiming: Bombard (mildly dangerous; 1% risk of failure)
Press: ? - help, Shift-Dir - straight line, f/p - orange demon
Aim: an orange demon (very poisoned, 87% to hit)
The iron shot hits the orange demon!!!
You kill the orange demon!
Sif Muna accepts your kill. The blast sends you backwards.
You now have 36/56 mp.
You start resting.
A reaper comes into view. It is wielding a +1 heavy scythe.
You regained 3 hp, and now have 217/243 hp.
Casting: Bombard (mildly dangerous; 1% risk of failure)
Confirm with . or Enter, or press ? or * to list all spells.
You can't see any susceptible monsters within range! (Use Z to cast anyway.) Unknown command.
You regained 2 hp, and now have 220/243 hp.
Casting: Bombard (mildly dangerous; 1% risk of failure)
Confirm with . or Enter, or press ? or * to list all spells.
Aiming: Bombard (mildly dangerous; 1% risk of failure)
Press: ? - help, Shift-Dir - straight line, f - reaper
Aim: a reaper, wielding a +1 heavy scythe (78% to hit)
The iron shot hits the reaper!!!
The reaper is severely wounded.
You now have 32/56 mp.
Casting: Bombard (mildly dangerous; 1% risk of failure)
Confirm with . or Enter, or press ? or * to list all spells.
Aiming: Bombard (mildly dangerous; 1% risk of failure)
Press: ? - help, Shift-Dir - straight line, f/p - reaper
Aim: a reaper, wielding a +1 heavy scythe (heavily wounded, 78% to hit)
The iron shot misses the reaper.
The reaper completely misses you.
You regained 2 hp, and now have 223/243 hp.
You now have 26/56 mp.
Casting: Bombard (mildly dangerous; 1% risk of failure)
Confirm with . or Enter, or press ? or * to list all spells.
Aiming: Bombard (mildly dangerous; 1% risk of failure)
Press: ? - help, Shift-Dir - straight line, f/p - reaper
Aim: a reaper, wielding a +1 heavy scythe (heavily wounded, 78% to hit)
The iron shot hits the reaper!!
You kill the reaper!
Sif Muna accepts your kill. The blast sends you backwards.
A rakshasa comes into view. It is wielding a +0 trident.
You now have 21/56 mp.
Casting: Bombard (mildly dangerous; 1% risk of failure)
Confirm with . or Enter, or press ? or * to list all spells.
Aiming: Bombard (mildly dangerous; 1% risk of failure)
Press: ? - help, Shift-Dir - straight line, f - rakshasa
Aim: a rakshasa, wielding a +0 trident and wearing a +0 robe (66% to hit)
The iron shot hits the rakshasa!!!
The rakshasa is severely wounded.
You now have 15/56 mp.
Casting: Bombard (mildly dangerous; 1% risk of failure)
Confirm with . or Enter, or press ? or * to list all spells.
Aiming: Bombard (mildly dangerous; 1% risk of failure)
Press: ? - help, Shift-Dir - straight line, f/p - rakshasa
Aim: a rakshasa, wielding a +0 trident and wearing a +0 robe (severely wounded, 66% to hit)
The iron shot hits the rakshasa!!
You kill the rakshasa!
Sif Muna accepts your kill.
Sif Muna will now gift you books as you gain piety.
You regained 2 hp, and now have 227/245 hp.
You now have 9/56 mp.
Casting: Bombard (mildly dangerous; 1% risk of failure)
Confirm with . or Enter, or press ? or * to list all spells.
You draw magical energy from your own body!
A white imp comes into view.
You take 5 damage, and have 222/245 hp.
You regained 5 mp, and now have 14/56 mp.
Casting: Sublimation of Blood (safe; 1% risk of failure)
Confirm with . or Enter, or press ? or * to list all spells.
You draw magical energy from your own body!
You take 6 damage, and have 216/245 hp.
You regained 3 mp, and now have 17/56 mp.
Casting: Sublimation of Blood (safe; 1% risk of failure)
Confirm with . or Enter, or press ? or * to list all spells.
You draw magical energy from your own body!
You block the white imp's attack.
You take 8 damage, and have 208/245 hp.
You regained 5 mp, and now have 22/56 mp.
Casting: Sublimation of Blood (safe; 1% risk of failure)
Confirm with . or Enter, or press ? or * to list all spells.
Aiming: Bombard (mildly dangerous; 1% risk of failure)
Press: ? - help, Shift-Dir - straight line, f - white imp
Aim: a white imp (78% to hit)
The iron shot hits the white imp!!!
You kill the white imp!
Sif Muna accepts your kill.
You now have 17/56 mp.
Casting: Bombard (mildly dangerous; 1% risk of failure)
Confirm with . or Enter, or press ? or * to list all spells.
You can't see any susceptible monsters within range! (Use Z to cast anyway.) Unknown command.
Casting: Bombard (mildly dangerous; 1% risk of failure)
Confirm with . or Enter, or press ? or * to list all spells.
You draw magical energy from your own body!
You take 27 damage, and have 182/245 hp.
You regained 23 mp, and now have 40/56 mp.
Casting: Sublimation of Blood (safe; 1% risk of failure)
Confirm with . or Enter, or press ? or * to list all spells.
You don't know that spell.
You start resting.
An Executioner comes into view.
You regained 18 hp, and now have 200/245 hp.
You regained 5 mp, and now have 45/56 mp.
An Executioner is nearby!
Casting: Sublimation of Blood (safe; 1% risk of failure)
Confirm with . or Enter, or press ? or * to list all spells.
Aiming: Bombard (mildly dangerous; 1% risk of failure)
Press: ? - help, Shift-Dir - straight line, f - Executioner
Aim: an Executioner (63% to hit)
The iron shot hits the Executioner!!
The Executioner is heavily wounded.
You now have 39/56 mp.
Casting: Bombard (mildly dangerous; 1% risk of failure)
Confirm with . or Enter, or press ? or * to list all spells.
Aiming: Bombard (mildly dangerous; 1% risk of failure)
Press: ? - help, Shift-Dir - straight line, f/p - Executioner
Aim: an Executioner (heavily wounded, 63% to hit)
The iron shot hits the Executioner!!!
You kill the Executioner!
Sif Muna accepts your kill.
Your Evocations skill increases to level 21!
You regained 2 hp, and now have 203/246 hp.
You now have 33/56 mp.
Casting: Bombard (mildly dangerous; 1% risk of failure)
Confirm with . or Enter, or press ? or * to list all spells.
You don't know that spell.
You start resting.
You start resting.
A neqoxec comes into view.
You regained 42 hp, and now have 245/246 hp.
You regained 11 mp, and now have 44/56 mp.
Health restored: 246
Casting: Bombard (mildly dangerous; 1% risk of failure)
Confirm with . or Enter, or press ? or * to list all spells.
Aiming: Bombard (mildly dangerous; 1% risk of failure)
Press: ? - help, Shift-Dir - straight line, f - neqoxec
Aim: a neqoxec (72% to hit)
The iron shot hits the neqoxec!!!
You kill the neqoxec!
Sif Muna accepts your kill. The blast sends you backwards.
You now have 39/56 mp.
Casting: Bombard (mildly dangerous; 1% risk of failure)
Confirm with . or Enter, or press ? or * to list all spells.
You can't see any susceptible monsters within range! (Use Z to cast anyway.) Unknown command.
You start resting.
An ice devil comes into view.
You regained 6 mp, and now have 45/56 mp.
Casting: Bombard (mildly dangerous; 1% risk of failure)
Confirm with . or Enter, or press ? or * to list all spells.
Aiming: Bombard (mildly dangerous; 1% risk of failure)
Press: ? - help, Shift-Dir - straight line, f - ice devil
Aim: an ice devil (78% to hit)
The iron shot hits the ice devil!!!
You kill the ice devil!
Sif Muna accepts your kill.
You now have 40/56 mp.
Casting: Bombard (mildly dangerous; 1% risk of failure)
Confirm with . or Enter, or press ? or * to list all spells.
You can't see any susceptible monsters within range! (Use Z to cast anyway.) Unknown command.
You start resting.
A green death comes into view.
You regained 2 mp, and now have 42/56 mp.
A green death is nearby!
Casting: Bombard (mildly dangerous; 1% risk of failure)
Confirm with . or Enter, or press ? or * to list all spells.
Aiming: Bombard (mildly dangerous; 1% risk of failure)
Press: ? - help, Shift-Dir - straight line, f - green death
Aim: a green death (87% to hit)
The iron shot hits the green death!!!
The green death is severely wounded.
The blast sends you backwards.
You now have 36/56 mp.
Casting: Bombard (mildly dangerous; 1% risk of failure)
Confirm with . or Enter, or press ? or * to list all spells.
Aiming: Bombard (mildly dangerous; 1% risk of failure)
Press: ? - help, Shift-Dir - straight line, f/p - green death
Aim: a green death (severely wounded, 87% to hit)
The iron shot misses the green death.
The blast sends you backwards.
You now have 30/56 mp.
Casting: Bombard (mildly dangerous; 1% risk of failure)
Confirm with . or Enter, or press ? or * to list all spells.
Aiming: Bombard (mildly dangerous; 1% risk of failure)
Press: ? - help, Shift-Dir - straight line, f/p - green death
Aim: a green death (severely wounded, 87% to hit)
The iron shot hits the green death!!
You kill the green death!
Sif Muna accepts your kill. The blast sends you backwards.
You now have 25/56 mp.
HP restored.
You see here a +0 vampiric whip.
Things that are here:
a +0 shortbow; a +1 flail of flaming; a +0 robe Health restored: 247 You regained 2 mp, and now have 27/56 mp.
You start resting.
A lorocyproca comes into view.
Unknown command.
Casting: Bombard (mildly dangerous; 1% risk of failure)
Confirm with . or Enter, or press ? or * to list all spells.
You draw magical energy from your own body!
You take 3 damage, and have 244/247 hp.
You regained 2 mp, and now have 29/56 mp.
Casting: Sublimation of Blood (safe; 1% risk of failure)
Confirm with . or Enter, or press ? or * to list all spells.
You draw magical energy from your own body!
You take 8 damage, and have 236/247 hp.
You regained 9 mp, and now have 38/56 mp.
Casting: Sublimation of Blood (safe; 1% risk of failure)
Confirm with . or Enter, or press ? or * to list all spells.
Aiming: Borgnjor's Vile Clutch (mildly dangerous; 1% risk of failure)
Press: ? - help, Shift-Dir - straight line, f - lorocyproca
Aim: a lorocyproca (slightly transparent, 100% to hit)
Zombie hands grab the lorocyproca.
The zombie hands constrict the lorocyproca, but do no damage.
The lorocyproca struggles to escape constriction.
You now have 33/56 mp.
Casting: Borgnjor's Vile Clutch (mildly dangerous; 1% risk of failure)
Confirm with . or Enter, or press ? or * to list all spells.
Aiming: Bombard (mildly dangerous; 1% risk of failure)
Press: ? - help, Shift-Dir - straight line, f/p - lorocyproca
Aim: a lorocyproca (slightly transparent, constricted by zombie hands, 100% to hit)
The iron shot hits the lorocyproca!!!
The lorocyproca is heavily wounded.
The zombie hands constrict the lorocyproca.
The lorocyproca struggles to escape constriction.
You now have 27/56 mp.
Casting: Bombard (mildly dangerous; 1% risk of failure)
Confirm with . or Enter, or press ? or * to list all spells.
Aiming: Bombard (mildly dangerous; 1% risk of failure)
Press: ? - help, Shift-Dir - straight line, f/p - lorocyproca
Aim: a lorocyproca (severely wounded, slightly transparent, constricted by zombie hands, 100% to hit)
The iron shot hits the lorocyproca!!!
You kill the lorocyproca!
Sif Muna accepts your kill.
You regained 2 hp, and now have 240/248 hp.
You now have 22/56 mp.
Casting: Bombard (mildly dangerous; 1% risk of failure)
Confirm with . or Enter, or press ? or * to list all spells.
You draw magical energy from your own body!
You take 6 damage, and have 234/248 hp.
You regained 4 mp, and now have 26/56 mp.
Casting: Sublimation of Blood (safe; 1% risk of failure)
Confirm with . or Enter, or press ? or * to list all spells.
You draw magical energy from your own body!
You take 6 damage, and have 228/248 hp.
You regained 5 mp, and now have 31/56 mp.
You start resting.
A Tzitzimitl comes into view.
You regained 8 hp, and now have 236/248 hp.
You regained 3 mp, and now have 34/56 mp.
The Tzitzimitl calls on the powers of darkness!
Your body is wracked with pain!
You take 104 damage, and have 133/248 hp.
MASSIVE DAMAGE!!
Casting: Sublimation of Blood (safe; 1% risk of failure)
Confirm with . or Enter, or press ? or * to list all spells.
Aiming: Bombard (mildly dangerous; 1% risk of failure)
Press: ? - help, Shift-Dir - straight line, f - Tzitzimitl
Aim: a Tzitzimitl (61% to hit)
The iron shot hits the Tzitzimitl!!!
The Tzitzimitl is heavily wounded.
The blast sends you backwards.
You now have 29/56 mp.
Casting: Bombard (mildly dangerous; 1% risk of failure)
Confirm with . or Enter, or press ? or * to list all spells.
Aiming: Bombard (mildly dangerous; 1% risk of failure)
Press: ? - help, Shift-Dir - straight line, f/p - Tzitzimitl
Aim: a Tzitzimitl (heavily wounded, 61% to hit)
The iron shot hits the Tzitzimitl!!!
You kill the Tzitzimitl!
Sif Muna accepts your kill.
Your life force feels restored.
You regained 2 hp, and now have 136/250 hp.
You now have 23/56 mp.
Casting: Bombard (mildly dangerous; 1% risk of failure)
Confirm with . or Enter, or press ? or * to list all spells.
You draw magical energy from your own body!
You take 3 damage, and have 133/250 hp.
You regained 2 hp, and now have 135/250 hp.
You start resting.
You start resting.
A balrug and a sun demon come into view.
The balrug is wielding a +1 antimagic demon whip.
You regained 78 hp, and now have 213/250 hp.
You regained 19 mp, and now have 44/56 mp.
Unknown command.
A sun demon comes into view.
The sun demon shouts! x2
A sun demon comes into view.
The sun demon shouts!
You regained 3 hp, and now have 216/250 hp.
Unknown command.
Casting: Sublimation of Blood (safe; 1% risk of failure)
Confirm with . or Enter, or press ? or * to list all spells.
Aiming: Borgnjor's Vile Clutch (mildly dangerous; 1% risk of failure)
Press: ? - help, Shift-Dir - straight line, f - sun demon
Aim: a sun demon (100% to hit)
Zombie hands grab the sun demon.
The zombie hands constrict the sun demon.
The sun demon barely misses you.
You regained 2 hp, and now have 218/250 hp.
You now have 40/56 mp.
Casting: Borgnjor's Vile Clutch (mildly dangerous; 1% risk of failure)
Confirm with . or Enter, or press ? or * to list all spells.
Aiming: Bombard (mildly dangerous; 1% risk of failure)
Press: ? - help, Shift-Dir - straight line, f/p - sun demon
Aim: a sun demon (lightly wounded, constricted by zombie hands, 100% to hit)
The iron shot hits the sun demon!!
The sun demon is severely wounded.
The blast sends you backwards.
The zombie hands constrict the sun demon.
The sun demon struggles to escape constriction.
You now have 35/56 mp.
Okay, then.
The zombie hands constrict the sun demon!
The sun demon struggles to escape constriction.
You regained 2 hp, and now have 221/250 hp.
Casting: Bombard (mildly dangerous; 1% risk of failure)
Confirm with . or Enter, or press ? or * to list all spells.
Aiming: Borgnjor's Vile Clutch (mildly dangerous; 1% risk of failure)
Press: ? - help, Shift-Dir - straight line, f - balrug, p - sun demon
Aim: a balrug, wielding a +1 antimagic demon whip (100% to hit)
The sun demon is unaffected.
Zombie hands grab the balrug.
The zombie hands constrict the balrug.
The zombie hands constrict the sun demon.
The sun demon struggles to escape constriction.
The balrug gestures at you. Something smites you!
The sun demon struggles to escape constriction.
You take 12 damage, and have 209/250 hp.
You now have 30/56 mp.
Casting: Borgnjor's Vile Clutch (mildly dangerous; 1% risk of failure)
Confirm with . or Enter, or press ? or * to list all spells.
Aiming: Bombard (mildly dangerous; 1% risk of failure)
Press: ? - help, Shift-Dir - straight line, f/p - balrug
Aim: a balrug, wielding a +1 antimagic demon whip (lightly wounded, constricted by zombie hands, 100% to hit)
The iron shot hits the sun demon!!!
You kill the sun demon!
Sif Muna accepts your kill.
The zombie hands constrict the balrug!
The balrug struggles to escape constriction.
You now have 25/56 mp.
Casting: Bombard (mildly dangerous; 1% risk of failure)
Confirm with . or Enter, or press ? or * to list all spells.
Aiming: Bombard (mildly dangerous; 1% risk of failure)
Press: ? - help, Shift-Dir - straight line, f/p - balrug
Aim: a balrug, wielding a +1 antimagic demon whip (lightly wounded, constricted by zombie hands, 100% to hit)
The iron shot hits the sun demon!!!
The sun demon is almost dead.
The zombie hands constrict the balrug!
The sun demon hits you!
You are engulfed in flames.
You resist.
You take 15 damage, and have 195/250 hp.
You now have 19/56 mp.
Casting: Bombard (mildly dangerous; 1% risk of failure)
Confirm with . or Enter, or press ? or * to list all spells.
Aiming: Borgnjor's Vile Clutch (mildly dangerous; 1% risk of failure)
Press: ? - help, Shift-Dir - straight line, f - sun demon, p - balrug
Aim: a sun demon (almost dead, 100% to hit)
Zombie hands grab the sun demon.
The zombie hands constrict the balrug.
The zombie hands constrict the sun demon.
You kill the sun demon!
Sif Muna accepts your kill.
The balrug struggles to escape constriction.
You now have 14/56 mp.
Casting: Borgnjor's Vile Clutch (mildly dangerous; 1% risk of failure)
Confirm with . or Enter, or press ? or * to list all spells.
Aiming: Bombard (mildly dangerous; 1% risk of failure)
Press: ? - help, Shift-Dir - straight line, f - sun demon
Aim: a sun demon (72% to hit)
The iron shot hits the sun demon!!!
You kill the sun demon!
Sif Muna accepts your kill.
The zombie hands constrict the balrug!
The balrug gestures at you.
Your +5 kite shield of reflection blocks the sticky flame... and reflects it back!
The sticky flame hits the balrug.
The balrug completely resists.
The balrug is covered in liquid flames!
You regained 2 hp, and now have 198/250 hp.
You now have 9/56 mp.
Casting: Bombard (mildly dangerous; 1% risk of failure)
Confirm with . or Enter, or press ? or * to list all spells.
Aiming: Bombard (mildly dangerous; 1% risk of failure)
Press: ? - help, Shift-Dir - straight line, f - balrug
Aim: a balrug, wielding a +1 antimagic demon whip (heavily wounded, covered in liquid flames, constricted by zombie hands, 100% to hit)
The iron shot hits the balrug!!!
You kill the balrug!
Sif Muna accepts your kill.
You now have 3/56 mp.
Casting: Bombard (mildly dangerous; 1% risk of failure)
Confirm with . or Enter, or press ? or * to list all spells.
You draw magical energy from your own body!
You take 37 damage, and have 162/250 hp.
You regained 31 mp, and now have 34/56 mp.
Casting: Sublimation of Blood (safe; 1% risk of failure)
Confirm with . or Enter, or press ? or * to list all spells.
You draw magical energy from your own body!
You take 14 damage, and have 148/250 hp.
You regained 13 mp, and now have 47/56 mp.
There is an open door here.
You start resting.
You start resting.
Magic restored.
You regained 34 hp, and now have 183/250 hp.
MP restored: 56 You start resting.
A lorocyproca and 2 demonspawn black suns come into view.
You regained 45 hp, and now have 228/250 hp.
Casting: Sublimation of Blood (safe; 1% risk of failure)
Confirm with . or Enter, or press ? or * to list all spells.
Casting: Ignition (mildly dangerous; 2% risk of failure)
Press: ? - help, Dir - look around, f - activate The air bursts into flame!
The fireball engulfs the demonspawn black sun!!
The demonspawn black sun is moderately wounded.
The fireball engulfs the lorocyproca!
The lorocyproca resists.
The lorocyproca is lightly wounded.
The fireball engulfs the demonspawn black sun!!!
The demonspawn black sun is heavily wounded.
The fireball engulfs the lorocyproca!
The lorocyproca resists.
The lorocyproca is moderately wounded.
The fireball engulfs the demonspawn black sun!!
The demonspawn black sun is heavily wounded.
The fireball engulfs the demonspawn black sun!
The demonspawn black sun is heavily wounded.
The fireball engulfs the lorocyproca!
The lorocyproca resists.
The lorocyproca is moderately wounded.
You regained 2 hp, and now have 230/250 hp.
You now have 48/56 mp.
Casting: Ignition (mildly dangerous; 2% risk of failure)
Confirm with . or Enter, or press ? or * to list all spells.
Casting: Ignition (mildly dangerous; 2% risk of failure)
Press: ? - help, Dir - look around, f - activate The air bursts into flame!
The fireball engulfs the demonspawn black sun!
The demonspawn black sun is severely wounded.
The fireball engulfs the lorocyproca!
The lorocyproca resists.
The lorocyproca is heavily wounded.
The fireball engulfs the demonspawn black sun!
The demonspawn black sun is severely wounded.
The fireball engulfs the lorocyproca!
The lorocyproca resists.
The lorocyproca is severely wounded.
The fireball engulfs the demonspawn black sun!!
The demonspawn black sun is almost dead.
The fireball engulfs the demonspawn black sun!
The demonspawn black sun is almost dead.
The fireball engulfs the lorocyproca!
The lorocyproca resists.
The lorocyproca is almost dead.
You now have 40/56 mp.
Casting: Ignition (mildly dangerous; 2% risk of failure)
Confirm with . or Enter, or press ? or * to list all spells.
Casting: Ignition (mildly dangerous; 2% risk of failure)
Press: ? - help, Dir - look around, f - activate The air bursts into flame!
The fireball engulfs the demonspawn black sun!
You kill the demonspawn black sun!
Sif Muna accepts your kill.
The fireball engulfs the lorocyproca!
The lorocyproca resists.
The lorocyproca is almost dead.
The fireball engulfs the demonspawn black sun!
You kill the demonspawn black sun!
Sif Muna accepts your kill.
The fireball engulfs the lorocyproca!
The lorocyproca resists.
You kill the lorocyproca!
Sif Muna accepts your kill.
You now have 33/56 mp.
Casting: Ignition (mildly dangerous; 2% risk of failure)
Confirm with . or Enter, or press ? or * to list all spells.
You draw magical energy from your own body!
You take 32 damage, and have 200/250 hp.
MP restored: 56 You start resting.
Ifulurr comes into view.
Ifulurr is nearby!
Unknown command.
Unknown command.
An orange demon and a smoke demon come into view.
The orange demon screeches!
The smoke demon roars!
You regained 2 hp, and now have 203/250 hp.
Casting: Sublimation of Blood (safe; 1% risk of failure)
Confirm with . or Enter, or press ? or * to list all spells.
Aiming: Borgnjor's Vile Clutch (mildly dangerous; 1% risk of failure)
Press: ? - help, Shift-Dir - straight line, f - Ifulurr
Aim: Ifulurr (100% to hit)
Zombie hands grab Ifulurr.
Zombie hands grab the orange demon.
The zombie hands constrict Ifulurr, but do no damage.
The zombie hands constrict the orange demon!
Ifulurr struggles to escape constriction.
The orange demon struggles to escape constriction.
You now have 51/56 mp.
Casting: Borgnjor's Vile Clutch (mildly dangerous; 1% risk of failure)
Confirm with . or Enter, or press ? or * to list all spells.
Aiming: Bombard (mildly dangerous; 1% risk of failure)
Press: ? - help, Shift-Dir - straight line, f/p - Ifulurr
Aim: Ifulurr (constricted by zombie hands, 98% to hit)
Okay, then.
Unknown command.
Casting: Bombard (mildly dangerous; 1% risk of failure)
Confirm with . or Enter, or press ? or * to list all spells.
Casting: Ignition (mildly dangerous; 2% risk of failure)
Press: ? - help, Dir - look around, f - activate The air bursts into flame!
The fireball engulfs Ifulurr!!
Ifulurr is lightly wounded.
The fireball engulfs the orange demon!!
The orange demon is severely wounded.
The fireball engulfs the smoke demon.
The smoke demon resists.
The smoke demon is lightly wounded.
The fireball engulfs the smoke demon.
The smoke demon resists.
The smoke demon is moderately wounded.
The fireball engulfs the smoke demon.
The smoke demon resists.
The smoke demon is moderately wounded.
The fireball engulfs Ifulurr!
Ifulurr is moderately wounded.
The fireball engulfs the orange demon!!
You kill the orange demon!
Sif Muna accepts your kill.
The zombie hands constrict Ifulurr!
Ifulurr struggles to escape constriction. x2
You regained 2 hp, and now have 207/250 hp.
You now have 43/56 mp.
Casting: Ignition (mildly dangerous; 2% risk of failure)
Confirm with . or Enter, or press ? or * to list all spells.
Casting: Ignition (mildly dangerous; 2% risk of failure)
Press: ? - help, Dir - look around, f - activate The air bursts into flame!
The fireball engulfs Ifulurr!
Ifulurr is moderately wounded.
The fireball engulfs the smoke demon.
The smoke demon resists.
The smoke demon is heavily wounded.
The fireball engulfs the smoke demon.
The smoke demon resists.
The smoke demon is heavily wounded.
The fireball engulfs Ifulurr!!
Ifulurr is heavily wounded.
The zombie hands constrict Ifulurr.
Ifulurr escapes!
You now have 36/56 mp.
Casting: Ignition (mildly dangerous; 2% risk of failure)
Confirm with . or Enter, or press ? or * to list all spells.
Casting: Ignition (mildly dangerous; 2% risk of failure)
Press: ? - help, Dir - look around, f - activate The air bursts into flame!
The fireball engulfs Ifulurr!!
Ifulurr is severely wounded.
The fireball engulfs the smoke demon!
The smoke demon resists.
The smoke demon is severely wounded.
The fireball engulfs the smoke demon.
The smoke demon resists.
The smoke demon is severely wounded.
The fireball engulfs Ifulurr!
Ifulurr is severely wounded.
Ifulurr gestures at you. The bolt of energy misses you.
Ifulurr gestures at you. The bolt of energy misses you.
You regained 2 hp, and now have 210/250 hp.
You now have 28/56 mp.
Casting: Ignition (mildly dangerous; 2% risk of failure)
Confirm with . or Enter, or press ? or * to list all spells.
Casting: Ignition (mildly dangerous; 2% risk of failure)
Press: ? - help, Dir - look around, f - activate The air bursts into flame!
The fireball engulfs Ifulurr!!
Ifulurr is almost dead.
The fireball engulfs the smoke demon.
The smoke demon resists.
The smoke demon is almost dead.
The fireball engulfs the smoke demon.
The smoke demon resists.
The smoke demon is almost dead.
The fireball engulfs Ifulurr.
Ifulurr is almost dead.
You now have 20/56 mp.
Casting: Ignition (mildly dangerous; 2% risk of failure)
Confirm with . or Enter, or press ? or * to list all spells.
Aiming: Bombard (mildly dangerous; 1% risk of failure)
Press: ? - help, Shift-Dir - straight line, f - Ifulurr
Aim: Ifulurr (almost dead, 45% to hit)
The iron shot misses Ifulurr.
The iron shot hits the smoke demon!!!
You kill the smoke demon!
Sif Muna accepts your kill. The blast sends you backwards.
You regained 2 hp, and now have 213/250 hp.
You now have 15/56 mp.
Casting: Bombard (mildly dangerous; 1% risk of failure)
Confirm with . or Enter, or press ? or * to list all spells.
Aiming: Bombard (mildly dangerous; 1% risk of failure)
Press: ? - help, Shift-Dir - straight line, f/p - Ifulurr
Aim: Ifulurr (almost dead, 45% to hit)
The iron shot misses Ifulurr.
Ifulurr tramples you!
You hold your ground!
You take 13 damage, and have 200/250 hp.
You now have 9/56 mp.
Casting: Bombard (mildly dangerous; 1% risk of failure)
Confirm with . or Enter, or press ? or * to list all spells.
You draw magical energy from your own body!
Ifulurr barely misses you.
You take 54 damage, and have 146/250 hp.
MASSIVE DAMAGE!!
You regained 42 mp, and now have 51/56 mp.
Casting: Sublimation of Blood (safe; 1% risk of failure)
Confirm with . or Enter, or press ? or * to list all spells.
Aiming: Borgnjor's Vile Clutch (mildly dangerous; 1% risk of failure)
Press: ? - help, Shift-Dir - straight line, f/p - Ifulurr
Aim: Ifulurr (almost dead, 100% to hit)
Zombie hands grab Ifulurr.
The zombie hands constrict Ifulurr!
Ifulurr gestures at you. The bolt of energy misses you.
Ifulurr gestures at you. The bolt of energy misses you.
You regained 2 hp, and now have 148/250 hp.
You now have 47/56 mp.
Casting: Borgnjor's Vile Clutch (mildly dangerous; 1% risk of failure)
Confirm with . or Enter, or press ? or * to list all spells.
Aiming: Bombard (mildly dangerous; 1% risk of failure)
Press: ? - help, Shift-Dir - straight line, f/p - Ifulurr
Aim: Ifulurr (almost dead, constricted by zombie hands, 98% to hit)
The iron shot misses Ifulurr.
The zombie hands constrict Ifulurr.
Ifulurr gestures at you. The bolt of energy misses you.
You now have 41/56 mp.
Casting: Bombard (mildly dangerous; 1% risk of failure)
Confirm with . or Enter, or press ? or * to list all spells.
Aiming: Bombard (mildly dangerous; 1% risk of failure)
Press: ? - help, Shift-Dir - straight line, f/p - Ifulurr
Aim: Ifulurr (almost dead, constricted by zombie hands, 98% to hit)
The iron shot hits Ifulurr!!
You kill Ifulurr!
Sif Muna accepts your kill.
You regained 2 hp, and now have 151/250 hp.
You now have 35/56 mp. 2 smoke demons and 3 hellwings come into view.
The hellwing gives a chilling moan.
The smoke demon roars! x2
The hellwing gives a chilling moan.
The hellwing swoops through the air toward you!
The hellwing completely misses you. The hellwing barely misses you.
There is an open door here.
Casting: Bombard (mildly dangerous; 1% risk of failure)
Confirm with . or Enter, or press ? or * to list all spells.
Casting: Ignition (mildly dangerous; 2% risk of failure)
Press: ? - help, Dir - look around, f - activate The air bursts into flame!
The fireball engulfs the hellwing!
The hellwing is moderately wounded.
The fireball engulfs the smoke demon.
The smoke demon resists.
The smoke demon is lightly wounded.
The fireball engulfs the smoke demon.
The smoke demon resists.
The smoke demon is lightly wounded.
The fireball engulfs the hellwing!!
The hellwing is moderately wounded.
The fireball engulfs the hellwing!!
The hellwing is heavily wounded.
The fireball engulfs the hellwing!!
The hellwing is severely wounded.
The fireball engulfs the smoke demon.
The smoke demon resists.
The smoke demon is moderately wounded.
The fireball engulfs the hellwing!!!
You kill the hellwing!
Sif Muna accepts your kill.
The fireball engulfs the hellwing!!
The hellwing is severely wounded.
The fireball engulfs the hellwing!!
You kill the hellwing!
Sif Muna accepts your kill.
The fireball engulfs the smoke demon!
The smoke demon resists.
The smoke demon is heavily wounded.
You block the hellwing's attack. x2
The smoke demon gestures at you. Something smites you!
A balrug and 2 sun demons come into view.
The balrug is wielding a +1 demon whip of venom.
You take 13 damage, and have 139/250 hp.
You now have 28/56 mp.
Casting: Ignition (mildly dangerous; 2% risk of failure)
Confirm with . or Enter, or press ? or * to list all spells.
Casting: Ignition (mildly dangerous; 2% risk of failure)
Press: ? - help, Dir - look around, f - activate The air bursts into flame!
The fireball engulfs the balrug.
The balrug completely resists.
The fireball engulfs the sun demon.
The sun demon completely resists.
The fireball engulfs the smoke demon.
The smoke demon resists.
The smoke demon is moderately wounded.
The fireball engulfs the smoke demon.
The smoke demon resists.
The smoke demon is heavily wounded.
The fireball engulfs the sun demon.
The sun demon completely resists.
The fireball engulfs the hellwing!!
You kill the hellwing!
Sif Muna accepts your kill.
You block the smoke demon's attack. x2; The smoke demon barely misses you.
You regained 2 hp, and now have 141/250 hp.
You now have 21/56 mp.
Your system partially rejects the healing.
You feel much better.
The smoke demon hits you but does no damage.
You block the smoke demon's attack. The smoke demon completely misses you.
You regained 12 hp, and now have 154/250 hp.
Casting: Ignition (mildly dangerous; 2% risk of failure)
Confirm with . or Enter, or press ? or * to list all spells.
Okay, then.
Unknown command.
Casting: Ignition (mildly dangerous; 2% risk of failure)
Confirm with . or Enter, or press ? or * to list all spells.
You erupt in a blast of force!
The mystic blast hits the sun demon!
The sun demon is moderately wounded.
The sun demon is knocked back by the mystic blast.
The mystic blast hits the smoke demon!!
The smoke demon is severely wounded.
The smoke demon is knocked back by the mystic blast.
The mystic blast hits the smoke demon!!
The smoke demon is almost dead.
The smoke demon is knocked back by the mystic blast.
The smoke demon gestures at you. The ball of steam misses you.
You now have 18/56 mp.
Casting: Iskenderun's Mystic Blast (safe; 1% risk of failure)
Confirm with . or Enter, or press ? or * to list all spells.
You erupt in a blast of force!
The mystic blast hits the balrug!
The balrug is lightly wounded.
The balrug is knocked back by the mystic blast.
The mystic blast hits the sun demon!
The sun demon is heavily wounded.
The smoke demon gestures at you.
The ball of steam hits you but does no damage.
You resist. The balrug gestures at you. The sticky flame misses you.
You now have 14/56 mp.
Casting: Iskenderun's Mystic Blast (safe; 1% risk of failure)
Confirm with . or Enter, or press ? or * to list all spells.
Aiming: Borgnjor's Vile Clutch (mildly dangerous; 1% risk of failure)
Press: ? - help, Shift-Dir - straight line, f - balrug
Aim: a balrug, wielding a +1 demon whip of venom (lightly wounded, 100% to hit)
Zombie hands grab the balrug.
The zombie hands constrict the balrug.
The balrug gestures at you. Something smites you!
The smoke demon gestures at you. Something smites you!
You take 21 damage, and have 135/250 hp.
You now have 9/56 mp.
You feel yourself speed up.
The zombie hands constrict the balrug.
The balrug struggles to escape constriction.
The smoke demon gestures at you. The ball of steam misses you.
The ball of steam hits the sun demon.
The sun demon resists.
You block the sun demon's attack.
Your system partially rejects the healing.
You feel much better.
The zombie hands constrict the balrug!
The balrug gestures at you.
The bolt of fire hits the sun demon.
The sun demon completely resists.
The bolt of fire hits you! You resist.
You regained 4 hp, and now have 140/250 hp.
Your system partially rejects the healing.
You feel much better.
The zombie hands constrict the balrug.
The sun demon misses you. The sun demon barely misses you.
The smoke demon gestures at you. Something smites you!
The balrug struggles to escape constriction.
You regained 2 hp, and now have 142/250 hp.
Blink to where?
Press: ? - help, Dir - move target, p - balrug The zombie hands lose their grip on something.
As you read the scroll of blinking, it crumbles to dust.
The smoke demon gestures at you. Something smites you!
You take 8 damage, and have 134/250 hp.
There is an open door here.
There is a basalt altar of Yredelemnul here.
You kneel at the altar of Yredelemnul.
You kneel at the altar of Yredelemnul.
You have lost your religion!
Sif Muna does not appreciate desertion!
Yredelemnul welcomes you!
You can now reap souls.
You can now recall your undead harvest.
Unknown command.
Press < or > to pray at altars.
You sense a monster nearby.
You regained 2 hp, and now have 144/250 hp.
Blink to where?
Press: ? - help, Dir - move target
As you read the scroll of blinking, it crumbles to dust.
The smoke demon gestures at you. The ball of steam hits you. You resist.
There is a stone staircase leading down here.
You climb downwards.
There is a stone staircase leading up here.
You regained 2 hp, and now have 147/250 hp.
There is an open door here.
There is a stone staircase leading up here.
You regained 13 hp, and now have 160/250 hp.
You regained 3 mp, and now have 17/56 mp.
You climb upwards.
The balrug shouts!
The sun demon shouts!
You hear a shout!
There is a stone staircase leading down here.
You regained 3 hp, and now have 163/250 hp.
Okay, then.
Blink to where?
Press: ? - help, Dir - move target A sun demon comes into view.
As you read the scroll of blinking, it crumbles to dust.
The sun demon shouts!
Your extra speed is starting to run out.
You regained 5 hp, and now have 183/250 hp.
You feel yourself slow down.
There is a stone staircase leading up here.
You climb upwards.
There is a stone staircase leading down here.
You regained 4 hp, and now have 188/250 hp.
A Tzitzimitl comes into view.
You regained 9 hp, and now have 197/250 hp.
You regained 2 mp, and now have 26/56 mp.
You regained 2 hp, and now have 199/250 hp.
Unknown command.
Unknown command.
A Tzitzimitl is nearby!
You regained 3 hp, and now have 203/250 hp.
Blink to where?
Press: ? - help, Dir - move target
As you read the scroll of blinking, it crumbles to dust.
Aiming: Dig
Press: ? - help, Shift-Dir - straight line You can't see that place. [the floor.]
The rock shatters into small pieces.
You regained 2 hp, and now have 206/250 hp.
You feel yourself speed up.
A Hell Sentinel comes into view.
The Hell Sentinel roars!
There is a stone staircase leading up here.
You climb upwards.
There is a stone staircase leading down here.
You regained 2 hp, and now have 239/250 hp.
HP restored.
You sense a monster nearby.
Health restored: 250 You regained 2 mp, and now have 39/56 mp.
You can't go up here!
An Orb Guardian comes into view.
You block the Orb Guardian's attack.
The Orb Guardian hits you but does no damage.
Your extra speed is starting to run out.
The Orb Guardian hits you but does no damage.
The Orb Guardian attacks as it pursues you!
The Orb Guardian misses you.
There is a stone staircase leading up here.
You block the Orb Guardian's attack.
You climb upwards.
There is a stone staircase leading down here.
Casting: Borgnjor's Vile Clutch (mildly dangerous; 1% risk of failure)
Confirm with . or Enter, or press ? or * to list all spells.
Aiming: Bombard (mildly dangerous; 1% risk of failure)
Press: ? - help, Shift-Dir - straight line, f - Orb Guardian
Aim: an Orb Guardian (69% to hit)
The iron shot hits the Orb Guardian!!
The Orb Guardian is heavily wounded.
The Orb Guardian hits you but does no damage.
You now have 35/56 mp.
Casting: Bombard (mildly dangerous; 1% risk of failure)
Confirm with . or Enter, or press ? or * to list all spells.
Aiming: Bombard (mildly dangerous; 1% risk of failure)
Press: ? - help, Shift-Dir - straight line, f/p - Orb Guardian
Aim: an Orb Guardian (heavily wounded, 69% to hit)
The iron shot hits the Orb Guardian!!
The Orb Guardian is severely wounded.
The blast sends you backwards.
You now have 30/56 mp.
Casting: Bombard (mildly dangerous; 1% risk of failure)
Confirm with . or Enter, or press ? or * to list all spells.
Aiming: Bombard (mildly dangerous; 1% risk of failure)
Press: ? - help, Shift-Dir - straight line, f/p - Orb Guardian
Aim: an Orb Guardian (severely wounded, 69% to hit)
The iron shot misses the Orb Guardian.
You block the Orb Guardian's attack.
You now have 24/56 mp.
Casting: Bombard (mildly dangerous; 1% risk of failure)
Confirm with . or Enter, or press ? or * to list all spells.
Aiming: Bombard (mildly dangerous; 1% risk of failure)
Press: ? - help, Shift-Dir - straight line, f/p - Orb Guardian
Aim: an Orb Guardian (severely wounded, 69% to hit)
The iron shot hits the Orb Guardian!!!
You kill the Orb Guardian!
The blast sends you backwards.
The dead are walking!
You now have 18/56 mp.
You feel yourself slow down.
There is an open door here.
There is an open door here.
There is an open door here.
You sense a monster nearby.
You regained 21 mp, and now have 39/56 mp.
There is a staircase leading out of the dungeon here.
You have escaped!

#.....########.########.....#
#....## ###.......### ##....#
#...## ##...........## ##...#
###...# ##....#####....## #...#
......# #...#########...# #..##
.....####..##..1....##..####.#
.....# #...#.{##'##..#...# #.#
.##..# #..##.##Z..##.##..# #.#
.##..# #..##.##.@.##.##..# #.#
.##..# #..##.##...##.##..# #.#
..#..# #.(.#..#####..#...# #.#
..#..####..##.......##..####.#
..#...# #...####.####...# #..#
..#..(# ##....##'##....## #..#
..#...## ##...........## ##..####
..#....## ###.......### ##.......
#.......#################....###.


You could see a Tzitzimitl (wandering) and a friendly Orb Guardian zombie.

Vanquished Creatures
  4 dread liches
  Khufu (Crypt:1)
  6 ancient liches
  9 orbs of fire (Zot:5)
  A juggernaut (Zot:5)
  Mennas (Crypt:1)
  2 royal mummies (Crypt:1)
  Boris (5 times) (Crypt:1 Crypt:2 Depths:2 D:4)
  4 Killer Klowns
  Saint Roka (Vaults:3)
  6 pandemonium lords
  5 curse toes
  7 golden dragons
  4 caustic shrikes (Depths:4)
  A profane servitor (D:4)
  A bone dragon (Depths:4)
  7 electric golems
  A Brimstone Fiend (D:4)
  20 tentacled monstrosities
  A Tzitzimitl (D:4)
  7 liches
  Zenata (Crypt:3)
  An Ice Fiend (D:4)
  Asterion (Elf:1)
  3 Hell Sentinels
  8 quicksilver dragons
  39 Orb Guardians
  3 deep elf blademasters
  4 sphinxes
  4 titans (Vaults:5)
  2 deep elf master archers (Elf:3)
  4 ancient champions (Crypt:3)
  5 Executioners
  Frances (Shoals:1)
  13 death cobs
  2 tentacled starspawn (Abyss:2)
  Kirke (Shoals:1)
  Agnes (Elf:1)
  9 shadow dragons
  Roxanne (D:15)
  5 draconian monks
  6 tengu reavers
  Donald (Shoals:3)
  3 azure jellies (IceCv)
  18 storm dragons
  A daeva (D:4)
  6 draconian knights
  3 balrugs
  3 iron dragons
  A rockslime (IceCv)
  16 vault wardens
  4 frost giants
  6 fire giants
  A demonspawn warmonger (D:2)
  5 curse skulls
  5 draconian scorchers
  Ilsuiw (Shoals:2)
  2 spectral juggernauts (Depths:2)
  A deep elf elementalist (Elf:3)
  7 emperor scorpions
  4 ghost moths
  6 draconian shifters
  9 deep elf sorcerers
  Louise (D:15)
  3 broodmothers
  2 cacodemons
  15 very ugly things
  22 ironbound preservers
  2 draconian stormcallers (Zot:4)
  2 war gargoyles (Depths:2)
  3 formless jellyfish
  6 draconian annihilators
  7 ironbound thunderhulks
  4 reapers
  3 quicksilver oozes (IceCv)
  7 stone giants
  8 green draconians
  12 white draconians
  10 vampire knights
  4 demonspawn black suns
  9 lorocyprocas
  17 yellow draconians
  13 deep elf demonologists
  5 dire elephants
  12 purple draconians
  6 black draconians
  10 deep elf annihilators
  11 red draconians
  6 spark wasps
  2 spectral titans (Depths:2)
  A blizzard demon (D:4)
  4 eidola
  An acid blob zombie (Crypt:1)
  A mummy priest (Crypt:3)
  5 merfolk javelineers
  A green death (D:4)
  8 deep elf death magi
  A spectral golden dragon (Depths:2)
  6 fire dragons
  4 crystal guardians
  A spectral quicksilver dragon (Depths:2)
  7 great orbs of eyes
  6 jiangshi
  2 spectral shadow dragons (Depths:2)
  6 deep elf high priests
  11 merfolk impalers
  36 vault guards
  14 ettins
  13 yaktaur captains
  The ghost of ooops the Covert, a journeyman OpCj (Lair:1)
  A spriggan zombie (Crypt:3)
  8 entropy weavers
  3 rakshasas
  2 spectral sphinxes (Depths:2)
  2 spectral tengu (Depths:2)
  Fannar (Lair:2)
  3 jorogumos (Spider:1)
  2 juggernaut simulacra (Depths:2)
  A caustic shrike simulacrum (Depths:2)
  9 ice dragons
  2 peacekeepers
  A hell beast (Zot:3)
  3 hydras (Lair:3)
  3 merfolk avatars
  An alligator (Shoals:3)
  A sphinx zombie (Depths:3)
  2 spriggan air magi (Depths:1)
  2 ogre magi (Vaults:5)
  A ghost crab (Spider:3)
  A spriggan skeleton (Crypt:3)
  3 alligator snapping turtles
  11 ironbound frosthearts
  3 boulder beetles
  A spectral frost giant (Depths:2)
  2 radroaches
  17 centaur warriors
  31 dancing weapons
  3 death knights
  7 tengu warriors
  5 demonic crawlers
  4 merfolk aquamancers (Shoals:4)
  A sphinx skeleton (Crypt:2)
  A satyr (Shoals:2)
  8 deep troll shamans
  6 death yaks
  3 spriggan berserkers
  4 two-headed ogres
  4 deep troll earth magi
  13 vampire magi
  A thrashing horror (Abyss:2)
  2 spectral storm dragons (Depths:2)
  3 titan zombies
  5 hell knights (Depths:1)
  A skyshark (shapeshifter) (Depths:4)
  Sonja (D:12)
  3 wretched stars (Abyss:2)
  3 soul eaters
  A storm dragon zombie (Crypt:1)
  2 spectral spark wasps (Depths:2)
  12 deep elf knights
  5 sun demons
  A salamander mystic (Depths:1)
  18 skeletal warriors
  A skyshark (Shoals:1)
  9 iron trolls
  A bunyip zombie (Abyss:2)
  5 spectral spriggans (Depths:2)
  5 pharaoh ants
  A sixfirhy (Depths:4)
  3 sun moths
  A cherub (D:4)
  5 orb spiders
  2 spectral iron dragons (Depths:2)
  64 deep trolls
  A swamp dragon (Lair:5)
  4 spriggan simulacra
  15 sea snakes
  9 glowing orange brains
  3 shadow demons
  9 flayed ghosts
  3 death drakes (Depths:2)
  3 orange crystal statues
  7 steelbarb worms
  30 deep elf zephyrmancers
  5 lindwurms
  6 wizards
  28 deep elf pyromancers
  4 necromancers
  4 orc knights
  9 deep elf archers
  17 ironbound convokers
  17 wolf spiders
  19 harpies
  A goliath frog zombie (Crypt:3)
  51 ugly things
  14 phantasmal warriors
  2 frost giant zombies (Depths:1)
  A shining eye (shapeshifter) (Elf:1)
  A manticore (shapeshifter) (D:13)
  An oklob plant (Lair:4)
  3 salamanders
  9 fauns
  29 moths of wrath
  9 cyclopes
  A spectral boulder beetle (Lair:1)
  3 orc sorcerers
  2 worldbinders (Abyss:2)
  An eleionoma zombie (Crypt:1)
  10 manticores
  14 merfolk sirens
  2 rust devils
  An alligator snapping turtle zombie (Crypt:3)
  10 elephants
  27 slime creatures
  2 toenail golems
  A dire elephant zombie (Crypt:3)
  17 vault sentinels
  12 cane toads
  5 water nymphs
  An apocalypse crab (Abyss:2)
  3 titan simulacra (Depths:2)
  6 smoke demons
  5 black mambas
  5 orange demons
  4 torpor snails
  A water nymph (shapeshifter) (Vaults:5)
  A storm dragon simulacrum (Depths:2)
  A dire elephant skeleton (Crypt:3)
  12 large abominations
  30 yaktaurs
  4 rime drakes
  3 hellions
  3 unseen horrors
  2 spectral glowing shapeshifters (Depths:2)
  An efreet (D:13)
  Psyche (D:8)
  2 tengu conjurers
  8 komodo dragons
  A yaktaur (shapeshifter) (D:15)
  2 ice devils (D:4)
  3 golden dragon simulacra
  A spectral human (Depths:2)
  23 merfolk
  5 freezing wraiths
  6 guardian mummies (Crypt:3)
  3 red devils (D:4)
  6 meliai
  7 trolls
  4 tengu simulacra
  A polar bear (shapeshifter) (Vaults:5)
  2 tyrant leeches (Spider:3)
  16 wind drakes
  4 hellwings
  2 shadow dragon simulacra (Depths:2)
  A hornet (D:8)
  A polar bear (Lair:3)
  An iron dragon simulacrum (Depths:2)
  A spectral dream sheep (Lair:1)
  23 tarantellas
  14 snapping turtles
  18 dream sheep
  A death drake skeleton (Crypt:1)
  12 blink frogs
  A flying skull (Abyss:2)
  33 jumping spiders
  A jumping spider (shapeshifter) (Vaults:5)
  2 shadows
  A culicivora (shapeshifter) (D:15)
  8 air elementals
  25 water elementals
  4 ynoxinuls (D:4)
  75 yaks
  10 wraiths
  6 wyverns
  23 culicivoras
  4 starcursed masses (Abyss:2)
  3 fire elementals
  3 hogs (Shoals:1)
  6 basilisks
  3 neqoxecs
  5 golden eyes (D:2)
  58 redbacks
  2 chaos spawn
  A redback (shapeshifter) (Elf:1)
  19 vampire mosquitoes
  2 steam dragons
  A wind drake skeleton (Crypt:1)
  3 acid dragons (Lair:5)
  A death yak simulacrum (Lair:1)
  5 wargs
  The ghost of ooops the Sneak, an amateur OpCj (D:3)
  A spectral cane toad (Lair:1)
  Edmund (D:5)
  A deep troll zombie (Crypt:2)
  20 water moccasins
  A hydra simulacrum (Lair:1)
  A swamp drake (Lair:1)
  A two-headed ogre skeleton (Crypt:2)
  4 floating eyes
  5 great orb of eyes simulacra (IceCv)
  3 hell hounds (D:3)
  An ice beast (D:8)
  2 black bears
  A glowing shapeshifter skeleton (Depths:1)
  A spectral torpor snail (Lair:1)
  A swamp dragon zombie (Crypt:2)
  3 ogres
  47 orc warriors
  A sky beast (D:6)
  23 centaurs
  6 small abominations
  4 slime creature simulacra (IceCv)
  27 wolves
  A phantom (D:5)
  A kobold brigand (D:7)
  13 bullfrogs
  2 gnoll sergeants
  5 glowing shapeshifter simulacra
  8 scorpions
  7 wights
  A raiju zombie (Crypt:2)
  5 electric eels
  7 howler monkeys
  A raiju skeleton (Crypt:3)
  A komodo dragon simulacrum (Lair:1)
  3 hounds
  3 jellies
  20 orc priests
  A human zombie (Crypt:2)
  A sleepcap (D:6)
  2 gnoll boudas
  5 iguanas
  An iron imp (Abyss:2)
  A boggart zombie (Crypt:3)
  13 orc wizards
  A scorpion zombie (Crypt:1)
  A tengu zombie (Crypt:2)
  A deep dwarf skeleton (Crypt:2)
  A mummy (Crypt:1)
  23 gnolls
  3 adders
  A steam dragon skeleton (Crypt:1)
  A swamp drake zombie (Crypt:3)
  A shadow imp (D:4)
  2 white imps
  A worm (D:3)
  3 dart slugs
  70 orcs
  3 ball pythons
  4 bats
  5 endoplasms
  5 giant cockroaches
  19 goblins
  15 hobgoblins
  6 jackals
  3 quokkas
  A ball python zombie (Crypt:3)
  An endoplasm zombie (Crypt:2)
  2 frilled lizards (D:1)
  A frilled lizard skeleton (Crypt:3)
  A giant cockroach zombie (Crypt:2)
  13 kobolds
  An orc skeleton (Crypt:1)
  6 rats
  A starspawn tentacle (Abyss:2)
2405 creatures vanquished.

Vanquished Creatures (collateral kills)
  A hobgoblin (D:3)
1 creature vanquished.

Vanquished Creatures (others)
  A shadow dragon (Zot:4)
  A fire giant (Depths:2)
  2 tyrant leeches (Spider:3)
  2 redbacks
  A small abomination (Abyss:2)
  5 starspawn tentacles (Abyss:2)
12 creatures vanquished.

Grand Total: 2418 creatures vanquished

Notes
Turn   | Place    | Note
-------+----------+-------------------------------------------
     0 | D:1      | steven32 the Draconian Necromancer began the quest for the
                  | Orb.
     0 | D:1      | Reached XP level 1. HP: 14/14 MP: 3/3
   142 | D:1      | Reached skill level 1 in Fighting
   239 | D:1      | Reached XP level 2. HP: 23/23 MP: 3/5
   829 | D:1      | Reached XP level 3. HP: 30/30 MP: 4/6
  1191 | D:1      | Found a faded altar of an unknown god.
  2326 | D:3      | Identified the +0 leather armour of the Wilderness {Rampage
                  | rElec Stlth+}
  2474 | D:3      | Found a sacrificial altar of Ru.
  2484 | D:3      | Reached XP level 4. HP: 36/38 MP: 0/8
  2687 | D:3      | Noticed a bullfrog
  2694 | D:3      | Killed a bullfrog
  2695 | D:3      | Reached XP level 5. HP: 42/46 MP: 6/9
  2734 | D:3      | Found a shadowy altar of Dithmenos.
  2805 | D:3      | Found a runed translucent gate.
  2806 | D:3      | Found a runed translucent gate.
  2806 | D:3      | Found a runed translucent gate.
  2808 | D:3      | Found an opulent altar of Gozag.
  2810 | D:3      | Noticed ooops's ghost (amateur OpCj)
  2883 | D:3      | Identified the ring of Xom's Sleight of Hands {rF+ rCorr
                  | Int+6 Stlth-}
  3383 | D:4      | Reached skill level 5 in Fighting
  3578 | D:4      | Reached XP level 6. HP: 55/56 MP: 6/11
  3667 | D:4      | Found a stormy altar of Qazlal.
  3667 | D:4      | Found a basalt altar of Yredelemnul.
  4209 | D:5      | Entered Level 5 of the Dungeon
  4357 | D:5      | Identified the +5 war axe of the Wizarding Gods {drain,
                  | *Noise rElec Str+4}
  4432 | D:5      | Reached skill level 5 in Spellcasting
  4432 | D:5      | Your scales start taking on a fiery red colour.
  4432 | D:5      | Reached XP level 7. HP: 51/63 MP: 14/14
  4432 | D:5      | Gained mutation: Your flesh is heat resistant. (rF+) [Red
                  | Draconian growth]
  4958 | D:5      | Found a radiant altar of Vehumet.
  4980 | D:5      | Noticed Edmund
  4990 | D:5      | Killed Edmund
  5559 | D:6      | Found a glowing silver altar of Zin.
  5573 | D:6      | Found Zin's Purification Station.
  5578 | D:6      | Bought a potion of curing for 90 gold pieces
  5757 | D:6      | Reached skill level 1 in Fire Magic
  5757 | D:6      | Reached XP level 8. HP: 73/73 MP: 14/17
  6026 | D:6      | Found a staircase to the Ecumenical Temple.
  6062 | D:6      | Identified the +1 scale mail of Usest {rPois}
  6069 | Temple   | Entered the Ecumenical Temple
  6100 | Temple   | Became a worshipper of Sif Muna the Loreminder
  6144 | D:6      | Reached skill level 5 in Fire Magic
  6460 | D:6      | Found Syappay's Antique Armour Emporium.
  6620 | D:7      | Found a hazy altar of Hepliaklqana.
  6928 | D:7      | Learned a level 4 spell: Flame Wave
  6964 | D:7      | Reached skill level 1 in Conjurations
  7017 | D:7      | Reached XP level 9. HP: 70/79 MP: 18/18
  7078 | D:7      | Learned a level 4 spell: Sticky Flame
  7427 | D:7      | Reached * piety under Sif Muna
  7975 | D:8      | Noticed Psyche
  7983 | D:8      | Killed Psyche
  7984 | D:8      | Reached skill level 5 in Conjurations
  8731 | D:8      | Reached ** piety under Sif Muna
  8869 | D:8      | Paralysed by a hornet for 2 turns
  9446 | D:9      | Noticed a two-headed ogre
  9473 | D:9      | Killed a two-headed ogre
  9474 | D:9      | Reached skill level 5 in Dodging
  9474 | D:9      | Reached XP level 10. HP: 91/91 MP: 12/19
  9488 | D:9      | Found Zyckihip's General Store.
  9490 | D:9      | Found a flagged portal.
  9508 | Bailey   | Entered a bailey
  9763 | Bailey   | Identified the +7 war axe "Ygic" {freeze, +Blink Str+3}
  9786 | Bailey   | Reached skill level 1 in Invocations
  9934 | Bailey   | Reached *** piety under Sif Muna
 10016 | Bailey   | Noticed an orc warlord
 10021 | Bailey   | Noticed an orc knight
 10058 | Bailey   | Noticed an orc knight
 10157 | Bailey   | Acquired 928 gold pieces
 10360 | D:9      | Found a bloodstained altar of Trog.
 10796 | D:9      | Reached skill level 5 in Invocations
 11293 | D:10     | Entered Level 10 of the Dungeon
 11324 | D:10     | Noticed an elephant
 11383 | D:10     | Reached **** piety under Sif Muna
 11677 | D:9      | Killed an elephant
 11678 | D:9      | Reached XP level 11. HP: 83/97 MP: 5/20
 11772 | D:10     | Found a staircase to the Lair.
 11993 | D:10     | Reached skill level 10 in Fighting
 12183 | D:10     | Noticed a two-headed ogre
 12200 | D:10     | Killed a two-headed ogre
 12582 | D:10     | Found a glowing golden altar of the Shining One.
 12949 | D:11     | Found a staircase to the Orcish Mines.
 12960 | D:11     | Noticed a death knight
 13471 | D:11     | Reached ***** piety under Sif Muna
 13990 | D:10     | Learned a level 3 spell: Mephitic Cloud
 13994 | D:10     | Learned a level 3 spell: Stone Arrow
 14002 | D:11     | Killed a death knight
 14273 | D:11     | Noticed a two-headed ogre
 14278 | D:11     | Killed a two-headed ogre
 14455 | D:11     | You fall into a shaft and drop 3 floors!
 14604 | D:14     | Noticed a tengu warrior
 14604 | D:14     | Noticed a tengu warrior
 14625 | D:14     | Killed a tengu warrior
 14625 | D:14     | Killed a tengu warrior
 14625 | D:14     | Identified Sif Muna's Omnibus of Combative Ectoplasm (Sif
                  | Muna gifted it to you on level 14 of the Dungeon)
 14625 | D:14     | Received a gift from Sif Muna
 14626 | D:14     | Reached XP level 12. HP: 98/112 MP: 10/25
 14782 | D:14     | Noticed a centaur warrior
 14789 | D:14     | Killed a centaur warrior
 15141 | D:14     | Reached skill level 5 in Poison Magic
 15914 | D:12     | Noticed Sonja
 16207 | Lair:1   | Entered Level 1 of the Lair of Beasts
 16215 | Lair:1   | Learned a level 6 spell: Starburst
 16725 | Lair:1   | Reached skill level 10 in Fire Magic
 16898 | Lair:1   | Found a runed translucent gate.
 16898 | Lair:1   | Found a runed translucent gate.
 16899 | Lair:1   | Found a runed translucent gate.
 16902 | Lair:1   | Noticed ooops's ghost (journeyman OpCj)
 17485 | Lair:1   | Learned a level 3 spell: Ignite Poison
 18714 | Lair:2   | Reached XP level 13. HP: 95/118 MP: 15/26
 18764 | Lair:2   | Noticed Fannar
 18769 | Lair:2   | Killed Fannar
 19372 | Lair:2   | Found a staircase to the Shoals.
 20253 | Lair:3   | Reached skill level 10 in Conjurations
 20348 | Lair:3   | Found a hole to the Spider Nest.
 20397 | Lair:3   | Identified Sif Muna's Folio of Impulse (Sif Muna gifted it
                  | to you on level 3 of the Lair of Beasts)
 20397 | Lair:3   | Received a gift from Sif Muna
 20415 | Lair:3   | Learned a level 5 spell: Fireball
 20636 | Lair:3   | Found a white marble altar of Elyvilon.
 20952 | Lair:3   | Found a runed translucent door.
 21562 | Lair:4   | Noticed Xagratia's ghost (journeyman MiFi)
 21695 | Lair:4   | Found a runed translucent gate.
 21695 | Lair:4   | Found a runed translucent gate.
 21697 | Lair:4   | Found a runed translucent gate.
 22226 | Lair:4   | Found a viscous altar of Jiyva.
 22226 | Lair:4   | Found a staircase to the Slime Pits.
 23076 | D:3      | Killed ooops's ghost
 23340 | Lair:1   | Killed ooops's ghost
 23485 | D:6      | Bought a runed scarf for 224 gold pieces
 23776 | Lair:5   | Entered Level 5 of the Lair of Beasts
 23785 | Lair:5   | Reached skill level 10 in Spellcasting
 23936 | Lair:5   | Reached XP level 14. HP: 104/126 MP: 16/28
 25007 | Lair:5   | Identified Sif Muna's Handbook of the Inferno and Bad Luck
                  | (Sif Muna gifted it to you on level 5 of the Lair of
                  | Beasts)
 25007 | Lair:5   | Received a gift from Sif Muna
 25557 | Lair:5   | Reached skill level 1 in Evocations
 26862 | D:12     | Killed Sonja
 27755 | D:12     | Reached skill level 5 in Evocations
 27924 | Orc:1    | Entered Level 1 of the Orcish Mines
 28387 | Orc:2    | Entered Level 2 of the Orcish Mines
 29239 | Orc:2    | Identified Sif Muna's Spellbook of Shifting Rime (Sif Muna
                  | gifted it to you on level 2 of the Orcish Mines)
 29239 | Orc:2    | Received a gift from Sif Muna
 29862 | Orc:2    | Found a staircase to the Elven Halls.
 30153 | Orc:2    | Found Ogroer's Self-Improvement Boutique.
 30342 | Orc:2    | Found Paenum's General Store.
 30342 | Orc:2    | Found Vucautec's Jewellery Boutique.
 30344 | Orc:2    | Found Iduubbos's Antique Weapon Shop.
 30346 | Orc:2    | Found Teoneuci's Jewellery Emporium.
 30350 | Orc:2    | Bought a scroll of teleportation for 36 gold pieces
 30350 | Orc:2    | Bought a phantom mirror for 480 gold pieces
 30350 | Orc:2    | Bought a potion of resistance for 120 gold pieces
 30350 | Orc:2    | Bought a scroll of revelation for 90 gold pieces
 30356 | Orc:2    | Bought the ring of Potzuc {rN+ MP+9 Int+6 SInv} for 984
                  | gold pieces
 32791 | D:14     | Noticed an ironbound preserver
 32792 | D:14     | Found a gate to the Vaults.
 33290 | D:14     | Killed an ironbound preserver
 33291 | D:14     | Reached XP level 15. HP: 132/132 MP: 10/31
 33465 | D:14     | Reached skill level 10 in Evocations
 33592 | D:15     | Entered Level 15 of the Dungeon
 33628 | D:15     | Noticed Louise
 34046 | D:15     | Killed Louise
 34055 | D:15     | Found a frozen archway.
 34064 | IceCv    | Entered an ice cave
 34971 | IceCv    | Learned a level 7 spell: Orb of Destruction
 35470 | IceCv    | Noticed an azure jelly
 36607 | IceCv    | Noticed an azure jelly
 36609 | IceCv    | Killed an azure jelly
 37090 | IceCv    | Found a viscous altar of Jiyva.
 37090 | IceCv    | Noticed an azure jelly
 37092 | IceCv    | Noticed an azure jelly
 37093 | IceCv    | Noticed a rockslime
 37098 | IceCv    | Killed an azure jelly
 37102 | IceCv    | Killed an azure jelly
 37383 | IceCv    | Killed a rockslime
 37494 | IceCv    | Reached skill level 10 in Invocations
 37631 | IceCv    | Identified the ring "Taby" {rPois Str+2 Slay+3 Stlth+}
 37645 | IceCv    | Identified the +6 leather armour of the Desert {Dex+3}
 37648 | IceCv    | Identified the +0 robe of Circular Logic {Regen+}
 38058 | D:15     | Found a broken altar of Ashenzari.
 38478 | D:15     | Found a staircase to the Depths.
 38582 | D:15     | Noticed Roxanne
 38603 | D:15     | Killed Roxanne
 39447 | D:15     | Found Irhuihox's Distillery.
 39673 | Spider:1 | Entered Level 1 of the Spider Nest
 40116 | Shoals:1 | Entered Level 1 of the Shoals
 41046 | Shoals:1 | Noticed Kirke
 41222 | Shoals:1 | Killed Kirke
 41329 | Shoals:1 | Reached XP level 16. HP: 147/147 MP: 6/32
 41687 | Shoals:1 | Reached skill level 15 in Fighting
 41792 | Shoals:1 | Noticed Frances
 41797 | Shoals:1 | Killed Frances
 41797 | Shoals:1 | Identified Pepili's Omnibus of the Union (Sif Muna gifted
                  | it to you on level 1 of the Shoals)
 41797 | Shoals:1 | Received a gift from Sif Muna
 42300 | Shoals:2 | Noticed Ilsuiw
 42851 | Shoals:2 | Killed Ilsuiw
 44761 | Shoals:3 | Noticed Donald
 44765 | Shoals:3 | Killed Donald
 45263 | Shoals:3 | Identified Feth's Excursus on the Vexing Barrage (Sif Muna
                  | gifted it to you on level 3 of the Shoals)
 45263 | Shoals:3 | Received a gift from Sif Muna
 45451 | Shoals:3 | Reached skill level 15 in Conjurations
 46888 | Shoals:4 | Entered Level 4 of the Shoals
 46888 | Shoals:4 | Found a stormy altar of Qazlal.
 47190 | Shoals:4 | Reached skill level 1 in Shields
 47216 | Shoals:4 | Paralysed by an air elemental for 1 turns
 47402 | Shoals:4 | Paralysed by an air elemental for 1 turns
 48167 | Shoals:4 | Paralysed by an air elemental for 1 turns
 48187 | Shoals:4 | Reached XP level 17. HP: 80/156 MP: 19/33
 48495 | Shoals:4 | Reached skill level 5 in Shields
 48618 | Shoals:4 | Identified Sif Muna's Codex of Dislocated Astrapomancy (Sif
                  | Muna gifted it to you on level 4 of the Shoals)
 48618 | Shoals:4 | Received a gift from Sif Muna
 49004 | Shoals:4 | Identified the +0 plate armour of Qextex {Dex+3}
 49260 | Shoals:4 | Paralysed by an air elemental for 1 turns
 49767 | Shoals:4 | Acquired 705 gold pieces
 50052 | Shoals:4 | Got a barnacled rune of Zot
 50695 | Spider:1 | Acquired a manual of Conjurations
 51335 | Spider:1 | Reached skill level 10 in Shields
 51646 | Spider:1 | Acquired the +3 pair of gauntlets of War {Slay+5}
 51646 | Spider:1 | Found the +3 pair of gauntlets of War {Slay+5}
 52391 | Spider:2 | Identified Sif Muna's Compendium of Scintillating Kindling
                  | (Sif Muna gifted it to you on level 2 of the Spider Nest)
 52391 | Spider:2 | Received a gift from Sif Muna
 52540 | Spider:2 | Reached skill level 10 in Dodging
 53540 | Spider:2 | Identified the +0 helmet of Stoicism {Str+3 Dex+3}
 55502 | Spider:3 | Reached XP level 18. HP: 162/163 MP: 5/35
 55778 | Spider:4 | Entered Level 4 of the Spider Nest
 56008 | Spider:4 | Identified Sif Muna's Catalogue of Doom and Adjuration (Sif
                  | Muna gifted it to you on level 4 of the Spider Nest)
 56008 | Spider:4 | Received a gift from Sif Muna
 57788 | Spider:3 | Learned a level 2 spell: Blink
 59237 | Spider:3 | Reached skill level 15 in Spellcasting
 59963 | Spider:4 | Identified the +1 pair of boots "Vipader" {Drain +Inv Will+
                  | Stlth+}
 60009 | Spider:4 | Got a gossamer rune of Zot
 60265 | Spider:4 | Identified the +1 dagger of the Durable God {venom, rCorr
                  | Str+3 Dex-4}
 60653 | Lair:5   | Identified the +5 dagger of Generosity {drain, rPois rCorr
                  | Int+3 Dex+4}
 60949 | Elf:1    | Entered Level 1 of the Elven Halls
 61078 | Elf:1    | Found a radiant altar of Vehumet.
 61082 | Elf:1    | Paralysed by an air elemental for 1 turns
 61257 | Elf:1    | Noticed Agnes
 61439 | Elf:1    | Noticed a Hell Sentinel
 61754 | Elf:1    | Noticed Asterion
 61769 | Elf:1    | Killed Asterion
 61936 | Elf:1    | Killed Agnes
 62060 | Orc:2    | Learned a level 4 spell: Iskenderun's Mystic Blast
 62285 | Elf:1    | Received a gift from Sif Muna
 62292 | Elf:1    | Learned a level 4 spell: Olgreb's Toxic Radiance
 62695 | Elf:1    | Paralysed by an air elemental for 1 turns
 63182 | Elf:1    | You fall into a shaft and drop 1 floor!
 63656 | Elf:2    | Found Plog's Jewellery Shop.
 63881 | Elf:2    | Bought the ring of Relativism {Fly rPois rF+ Str+4} for 793
                  | gold pieces
 63911 | Elf:2    | Acquired 761 gold pieces
 63921 | Elf:2    | Reached XP level 19. HP: 166/170 MP: 8/38
 64185 | Elf:2    | Learned a level 2 spell: Poisonous Vapours
 64261 | Elf:2    | Found a runed translucent gate.
 64262 | Elf:2    | Found a runed translucent gate.
 64262 | Elf:2    | Found a runed translucent gate.
 64379 | Elf:2    | Identified Sif Muna's Secrets of the Anticline (Sif Muna
                  | gifted it to you on level 2 of the Elven Halls)
 64379 | Elf:2    | Received a gift from Sif Muna
 65258 | Elf:3    | Entered Level 3 of the Elven Halls
 65600 | Elf:3    | Identified the amulet "Cofet" {Reflect rCorr SH+5}
 65602 | Elf:3    | Paralysed by an air elemental for 1 turns
 65605 | Elf:3    | Paralysed by an air elemental for 1 turns
 65854 | Elf:3    | Reached skill level 10 in Poison Magic
 66879 | Elf:3    | Identified the +9 plate armour of Paibif {rPois rF+ rC+
                  | Int-3}
 67085 | Abyss:2  | Cast into level 2 of the Abyss (a deep elf sorcerer)
 67339 | Abyss:2  | Found a corrupted altar of Lugonu.
 67484 | Abyss:2  | Received a gift from Sif Muna
 67600 | Abyss:2  | Found a corrupted altar of Lugonu.
 67703 | Abyss:2  | Noticed a bone dragon
 67705 | Elf:3    | Escaped the Abyss
 67979 | Elf:3    | Found the +27 heavy crossbow "Sniper" {heavy, Acc+∞ SInv}
 68000 | Elf:3    | Identified the +6 longbow "Deheolog" {speed, rPois Str+4}
 68260 | Elf:3    | Identified the +4 spear of the Riding Hero {freeze, rC+}
 68391 | Elf:3    | Reached XP level 20. HP: 187/187 MP: 34/40
 68766 | Vaults:1 | Entered Level 1 of the Vaults
 69224 | Vaults:1 | Identified Sif Muna's Incunabulum of Attacks (Sif Muna
                  | gifted it to you on level 1 of the Vaults)
 69224 | Vaults:1 | Received a gift from Sif Muna
 70468 | Vaults:1 | Reached skill level 15 in Fire Magic
 70659 | Vaults:1 | Identified Sif Muna's Quarto of Inflammable Outbursts (Sif
                  | Muna gifted it to you on level 1 of the Vaults)
 70659 | Vaults:1 | Identified Sif Muna's Encyclopedia of the Collective Dose
                  | (Sif Muna gifted it to you on level 1 of the Vaults)
 70659 | Vaults:1 | Received a gift from Sif Muna
 70659 | Vaults:1 | Paralysed by a formless jellyfish for 1 turns
 71522 | Vaults:2 | Found a staircase to the Crypt.
 73347 | Vaults:3 | Identified Ruirch's Directory of Combat Magic (Sif Muna
                  | gifted it to you on level 3 of the Vaults)
 73347 | Vaults:3 | Identified Sif Muna's Precepts of Conjuration (Sif Muna
                  | gifted it to you on level 3 of the Vaults)
 73347 | Vaults:3 | Identified Zyucod's Precepts of Red-Hot Elsewhere (Sif Muna
                  | gifted it to you on level 3 of the Vaults)
 73347 | Vaults:3 | Received a gift from Sif Muna
 73783 | Vaults:3 | Identified the +9 war axe of the Impish God {freeze, Contam
                  | Will++ MP+9 Int+2}
 73888 | Vaults:3 | Noticed Saint Roka
 74244 | Vaults:3 | Killed Saint Roka
 74245 | Vaults:3 | Reached XP level 21. HP: 158/194 MP: 23/41
 74765 | Vaults:3 | Reached skill level 1 in Air Magic
 75355 | Vaults:4 | Identified Ussid's Volume of Combat Magic (Sif Muna gifted
                  | it to you on level 4 of the Vaults)
 75355 | Vaults:4 | Received a gift from Sif Muna
 75391 | Vaults:4 | Reached skill level 5 in Air Magic
 76957 | Vaults:4 | Learned a level 4 spell: Dispel Undead
 77061 | Crypt:1  | Entered Level 1 of the Crypt
 77075 | Crypt:1  | Reached skill level 5 in Necromancy
 77225 | Crypt:1  | Noticed Mennas
 78162 | Crypt:1  | Noticed Boris
 78171 | Crypt:1  | Killed Boris
 78344 | Crypt:1  | Identified Sif Muna's Parchment of Striking and Hexes (Sif
                  | Muna gifted it to you on level 1 of the Crypt)
 78344 | Crypt:1  | Received a gift from Sif Muna
 78502 | Crypt:1  | Noticed Khufu
 78502 | Crypt:1  | Noticed a royal mummy
 78502 | Crypt:1  | Noticed a royal mummy
 78539 | Crypt:1  | Killed Mennas
 78818 | Crypt:1  | Killed a royal mummy
 79558 | Crypt:1  | Killed Khufu
 79567 | Crypt:1  | Killed a royal mummy
 80266 | Crypt:2  | Noticed Boris
 80280 | Crypt:2  | Killed Boris
 80434 | Crypt:2  | Reached skill level 10 in Necromancy
 81099 | Crypt:2  | Identified Sofreov's Anthology of Bruises and Death (Sif
                  | Muna gifted it to you on level 2 of the Crypt)
 81099 | Crypt:2  | Received a gift from Sif Muna
 81309 | Crypt:3  | Entered Level 3 of the Crypt
 81654 | Crypt:3  | Noticed Zenata
 81660 | Crypt:3  | Killed Zenata
 81687 | Crypt:3  | Reached XP level 22. HP: 169/202 MP: 22/42
 81997 | Crypt:3  | Found a staircase to the Tomb.
 82343 | Crypt:3  | Noticed a curse toe
 82485 | Crypt:3  | Killed a curse toe
 82486 | Crypt:3  | Reached skill level 10 in Air Magic
 83421 | Crypt:3  | Noticed an ancient lich
 83421 | Crypt:3  | Noticed an ancient lich
 83707 | Crypt:3  | Learned a level 8 spell: Ignition
 84058 | Crypt:3  | Learned a level 1 spell: Apportation
 84070 | Crypt:3  | Identified the amulet "Lesyig" {Harm rC+++ Regen+ rCorr
                  | Str-4} (You found it on level 3 of the Crypt)
 84071 | Crypt:3  | Identified the amulet "Dofece" {Will++ Regen+}
 84072 | Crypt:3  | Identified the ring of Byukkos {rN+ Will+ Str+3 Dex-5
                  | Slay+3}
 84080 | Crypt:3  | Identified the +10 longbow of Kismet {drain, Will+ Str+4
                  | Int-4 SInv}
 84145 | Crypt:3  | Killed an ancient lich
 84152 | Crypt:3  | Killed an ancient lich
 84556 | Depths:1 | Entered Level 1 of the Depths
 85698 | Depths:1 | Found a shimmering blue altar of Sif Muna.
 86016 | Depths:1 | Found a gateway to Hell.
 86891 | Depths:2 | Noticed Boris
 86896 | Depths:2 | Killed Boris
 88633 | Depths:2 | Found a one-way gate to the infinite horrors of the Abyss.
 88819 | Depths:2 | Identified Sif Muna's Directory of Clouds (Sif Muna gifted
                  | it to you on level 2 of the Depths)
 88819 | Depths:2 | Received a gift from Sif Muna
 88967 | Depths:2 | Reached XP level 23. HP: 209/209 MP: 27/43
 89192 | Depths:2 | Noticed an ancient lich
 89197 | Depths:2 | Killed an ancient lich
 89909 | Depths:2 | Identified the +5 arbalest of the Heart {heavy, Stlth+}
 90055 | Depths:2 | Found a one-way gateway to a ziggurat.
 90416 | Depths:2 | Reached XP level 24. HP: 214/214 MP: 45/45
 90651 | Depths:2 | Found a one-way gate leading to the halls of Pandemonium.
 90686 | Depths:2 | Identified the ring "Suus" {Fly rPois MP+9 Dex+2}
 90690 | Depths:2 | Identified the +1 great sword "Bifavor" {flame, rElec Will-
                  | Str+4 Dex+3}
 90856 | Depths:2 | Learned a level 6 spell: Bombard
 91160 | Depths:3 | Found a shimmering altar of Xom.
 91162 | Depths:3 | Found a shimmering altar of Xom.
 91175 | Depths:3 | Found a shimmering altar of Xom.
 91175 | Depths:3 | Found a shimmering altar of Xom.
 91277 | Depths:3 | Found a shimmering altar of Xom.
 91279 | Depths:3 | Found a shimmering altar of Xom.
 92687 | Depths:4 | Entered Level 4 of the Depths
 93568 | Depths:4 | Received a gift from Sif Muna
 94039 | Depths:4 | Found an ornate altar of the Wu Jian Council.
 94102 | Depths:4 | Found a hide-covered altar of Uskayaw.
 94132 | Depths:4 | Found a gate to the Realm of Zot.
 94823 | Vaults:4 | Learned a level 6 spell: Plasma Beam
 94829 | Vaults:4 | Learned a level 5 spell: Borgnjor's Vile Clutch
 94831 | Vaults:4 | Reached XP level 25. HP: 224/224 MP: 47/47
 94835 | Vaults:5 | Entered Level 5 of the Vaults
 94837 | Vaults:5 | Reached skill level 15 in Invocations
 94845 | Vaults:5 | Reached skill level 1 in Earth Magic
 94858 | Vaults:5 | Learned a level 2 spell: Sublimation of Blood
 94884 | Vaults:5 | Reached XP level 26. HP: 206/232 MP: 40/47
 95034 | Vaults:5 | Noticed a dread lich
 95039 | Vaults:5 | Killed a dread lich
 95040 | Vaults:5 | Reached skill level 5 in Earth Magic
 95216 | Vaults:5 | Noticed a dread lich
 95222 | Vaults:5 | Killed a dread lich
 95351 | Vaults:5 | Identified Sif Muna's Codex of Kinetic Energy (Sif Muna
                  | gifted it to you on level 5 of the Vaults)
 95351 | Vaults:5 | Identified Sif Muna's Papyrus of Accelerants (Sif Muna
                  | gifted it to you on level 5 of the Vaults)
 95351 | Vaults:5 | Identified Sif Muna's Codex of the Sun (Sif Muna gifted it
                  | to you on level 5 of the Vaults)
 95351 | Vaults:5 | Received a gift from Sif Muna
 95903 | Vaults:5 | Reached skill level 10 in Earth Magic
 96219 | Vaults:5 | Identified the ring "Jytupre" {Will- Int+5 Dex+3 SInv}
 96315 | Vaults:5 | Found Adek Day's Antique Weapon Shoppe.
 96774 | Vaults:5 | Identified the +1 scale mail "Ziresos" {Dex+6}
 96779 | Vaults:5 | Got a silver rune of Zot
 96915 | Vaults:5 | Found Olier's Distillery.
 96919 | Vaults:5 | Bought a potion of heal wounds for 65 gold pieces
 96919 | Vaults:5 | Bought a potion of mutation for 104 gold pieces
 96919 | Vaults:5 | Bought a potion of ambrosia for 104 gold pieces
 96919 | Vaults:5 | Bought a potion of curing for 39 gold pieces
 96919 | Vaults:5 | Bought a potion of might for 52 gold pieces
 96919 | Vaults:5 | Bought a potion of curing for 39 gold pieces
 96919 | Vaults:5 | Bought a potion of brilliance for 52 gold pieces
 96919 | Vaults:5 | Bought a potion of curing for 39 gold pieces
 96972 | Vaults:5 | Found Ipio's Distillery.
 96976 | Vaults:5 | Bought a potion of curing for 66 gold pieces
 96976 | Vaults:5 | Bought a potion of resistance for 220 gold pieces
 96976 | Vaults:5 | Bought a potion of heal wounds for 110 gold pieces
 96976 | Vaults:5 | Bought 2 potions of curing for 132 gold pieces
 97089 | Vaults:5 | Identified the +7 dagger "Pevvuhap" {drain, *Rage rCorr
                  | Stlth+}
 97633 | Zot:1    | Entered Level 1 of the Realm of Zot
 97654 | Zot:1    | Identified Ruomaelu's Omnibus of the Pyre and Dark
                  | Mysteries (Sif Muna gifted it to you on level 1 of the
                  | Realm of Zot)
 97654 | Zot:1    | Identified Sif Muna's Incunable of Grisly Geomancy (Sif
                  | Muna gifted it to you on level 1 of the Realm of Zot)
 97654 | Zot:1    | Received a gift from Sif Muna
 98990 | Orc:2    | Bought a manual of Spellcasting for 1040 gold pieces
100120 | Zot:1    | Reached XP level 27. HP: 232/248 MP: 33/47
102051 | Zot:2    | Identified Sif Muna's Codex of Damage (Sif Muna gifted it
                  | to you on level 2 of the Realm of Zot)
102051 | Zot:2    | Identified Sif Muna's Highest Levels of Witchcraft (Sif
                  | Muna gifted it to you on level 2 of the Realm of Zot)
102051 | Zot:2    | Identified Sif Muna's Guide on Filth and Bewitchment (Sif
                  | Muna gifted it to you on level 2 of the Realm of Zot)
102051 | Zot:2    | Received a gift from Sif Muna
102765 | Zot:3    | Identified the +6 quarterstaff of Buot {holy, Str+2 Dex+3}
103016 | Zot:3    | Identified the +5 hand axe of the Lamprey {venom, rElec}
104123 | Zot:3    | Reached skill level 15 in Dodging
105655 | Zot:4    | Received a gift from Sif Muna
106427 | Zot:5    | Entered Level 5 of the Realm of Zot
106563 | Zot:5    | Found a huge runed gate.
106563 | Zot:5    | Found a huge runed gate.
106563 | Zot:5    | Found a huge runed gate.
106563 | Zot:5    | Found a huge runed gate.
106564 | Zot:5    | Found a huge runed gate.
106564 | Zot:5    | Found a huge runed gate.
106564 | Zot:5    | Found a huge runed gate.
106564 | Zot:5    | Found a huge runed gate.
106565 | Zot:5    | Found a huge runed gate.
106565 | Zot:5    | Found a huge runed gate.
106566 | Zot:5    | Found a huge runed gate.
106567 | Zot:5    | Found a huge runed gate.
106588 | Zot:5    | Found a huge runed gate.
106589 | Zot:5    | Found a huge runed gate.
106616 | Zot:5    | Found a huge runed gate.
106616 | Zot:5    | Found a huge runed gate.
106616 | Zot:5    | Found a huge runed gate.
106616 | Zot:5    | Found a huge runed gate.
106616 | Zot:5    | Found a huge runed gate.
106882 | Zot:5    | Found a huge runed gate.
106882 | Zot:5    | Found a huge runed gate.
106882 | Zot:5    | Found a huge runed gate.
106883 | Zot:5    | Found a huge runed gate.
106890 | Zot:5    | Found a huge runed gate.
106890 | Zot:5    | Found a huge runed gate.
106890 | Zot:5    | Found a huge runed gate.
106890 | Zot:5    | Found a huge runed gate.
106890 | Zot:5    | Found a huge runed gate.
106890 | Zot:5    | Found a huge runed gate.
106891 | Zot:5    | Found a huge runed gate.
106892 | Zot:5    | Found a huge runed gate.
106893 | Zot:5    | Found a huge runed gate.
106901 | Zot:5    | Found a huge runed gate.
106901 | Zot:5    | Found a huge runed gate.
106901 | Zot:5    | Found a huge runed gate.
106901 | Zot:5    | Found a huge runed gate.
107059 | Zot:5    | Noticed an orb of fire
107060 | Zot:5    | Noticed a dread lich
107061 | Zot:5    | Noticed an ancient lich
107488 | Zot:5    | Killed an ancient lich
108219 | Zot:5    | Killed a dread lich
108264 | Zot:5    | Gained mutation: You occasionally lose the ability to read
                  | scrolls when taking damage. [an orb of fire]
108272 | Zot:5    | Gained mutation: You are weak. (Str -2) [an orb of fire]
108272 | Zot:5    | Killed an orb of fire
108278 | Zot:5    | Lost mutation: You occasionally lose the ability to read
                  | scrolls when taking damage. [potion of mutation]
108278 | Zot:5    | Lost mutation: You are weak. (Str -2) [potion of mutation]
108278 | Zot:5    | Gained mutation: You have hidden genetic defects. [potion
                  | of mutation]
108278 | Zot:5    | Gained mutation: Your flesh is cold resistant. (rC+)
                  | [potion of mutation]
108278 | Zot:5    | Gained mutation: Your tail ends in a venomous barb. [potion
                  | of mutation]
108997 | Zot:5    | Noticed a dread lich
109005 | Zot:5    | Killed a dread lich
109250 | Zot:5    | Noticed an orb of fire
109256 | Zot:5    | Killed an orb of fire
109274 | Zot:5    | Noticed an ancient lich
109280 | Zot:5    | Killed an ancient lich
109625 | Zot:5    | Noticed an orb of fire
109787 | Zot:5    | a Killer Klown changed into a juggernaut
109787 | Zot:5    | Noticed a juggernaut
109795 | Zot:5    | Killed a juggernaut
109796 | Zot:5    | Reached skill level 15 in Evocations
110065 | Zot:5    | Gained mutation: You occasionally lose the ability to drink
                  | potions when taking damage. [hidden defects]
110151 | Zot:5    | Noticed an orb of fire
110192 | Zot:5    | Noticed an orb of fire
110362 | Zot:5    | Identified Sif Muna's Commentary on Kindling and the
                  | Gathering (Sif Muna gifted it to you on level 5 of the
                  | Realm of Zot)
110362 | Zot:5    | Identified Ysogit's Encyclopedia of the Weathered Missiles
                  | (Sif Muna gifted it to you on level 5 of the Realm of Zot)
110362 | Zot:5    | Identified Sif Muna's Parchment of Arcane Weapons (Sif Muna
                  | gifted it to you on level 5 of the Realm of Zot)
110362 | Zot:5    | Identified Sif Muna's Spellbook of Fever and Sciomancy (Sif
                  | Muna gifted it to you on level 5 of the Realm of Zot)
110362 | Zot:5    | Identified Sif Muna's Compilation of the Energetic Damned
                  | (Sif Muna gifted it to you on level 5 of the Realm of Zot)
110362 | Zot:5    | Identified Sif Muna's Anthology of Fulgurous Arcane Combat
                  | (Sif Muna gifted it to you on level 5 of the Realm of Zot)
110362 | Zot:5    | Identified Sif Muna's Folio of Trauma (Sif Muna gifted it
                  | to you on level 5 of the Realm of Zot)
110362 | Zot:5    | Identified Sif Muna's Handbook of Striking (Sif Muna gifted
                  | it to you on level 5 of the Realm of Zot)
110362 | Zot:5    | Identified Sif Muna's Codex of Spectres and Malediction
                  | (Sif Muna gifted it to you on level 5 of the Realm of Zot)
110362 | Zot:5    | Identified Faofasext's Incunable of Ghoulish Kinetic Energy
                  | (Sif Muna gifted it to you on level 5 of the Realm of Zot)
110362 | Zot:5    | Identified Janu's Reference Book on Forceful Feathers (Sif
                  | Muna gifted it to you on level 5 of the Realm of Zot)
110362 | Zot:5    | Identified Sif Muna's Codex of the Limned Pyre (Sif Muna
                  | gifted it to you on level 5 of the Realm of Zot)
110362 | Zot:5    | Identified Sif Muna's Reference Book on the Salvo (Sif Muna
                  | gifted it to you on level 5 of the Realm of Zot)
110362 | Zot:5    | Identified Sipyzoech's Handbook of Outbursts (Sif Muna
                  | gifted it to you on level 5 of the Realm of Zot)
110362 | Zot:5    | Identified Sif Muna's Folio of the Harmful Compass (Sif
                  | Muna gifted it to you on level 5 of the Realm of Zot)
110362 | Zot:5    | Identified Sif Muna's Spellbook of the Calescent Welkin
                  | (Sif Muna gifted it to you on level 5 of the Realm of Zot)
110362 | Zot:5    | Identified Sif Muna's Book of Allies and Incandescence (Sif
                  | Muna gifted it to you on level 5 of the Realm of Zot)
110362 | Zot:5    | Identified Sif Muna's Spellbook of the Indurated Grave (Sif
                  | Muna gifted it to you on level 5 of the Realm of Zot)
110362 | Zot:5    | Identified Sif Muna's Disquisition on Damage (Sif Muna
                  | gifted it to you on level 5 of the Realm of Zot)
110362 | Zot:5    | Identified Sif Muna's Dissertation on Debased Spells and
                  | the Shift (Sif Muna gifted it to you on level 5 of the
                  | Realm of Zot)
110362 | Zot:5    | Identified Gygoyl's Vellum of the Wind and Anathema (Sif
                  | Muna gifted it to you on level 5 of the Realm of Zot)
110362 | Zot:5    | Identified Sif Muna's Catalogue of Voltage (Sif Muna gifted
                  | it to you on level 5 of the Realm of Zot)
110362 | Zot:5    | Identified Sif Muna's Arcane Secrets of Gnosis (Sif Muna
                  | gifted it to you on level 5 of the Realm of Zot)
110362 | Zot:5    | Identified Sif Muna's Tome of Assistive Bedrock (Sif Muna
                  | gifted it to you on level 5 of the Realm of Zot)
110362 | Zot:5    | Identified Sif Muna's Anthology of Arcane Combat (Sif Muna
                  | gifted it to you on level 5 of the Realm of Zot)
110362 | Zot:5    | Identified Sif Muna's Atlas of the Special Songs (Sif Muna
                  | gifted it to you on level 5 of the Realm of Zot)
110362 | Zot:5    | Identified Sif Muna's Book of Ghoulish Outbursts (Sif Muna
                  | gifted it to you on level 5 of the Realm of Zot)
110362 | Zot:5    | Identified Sif Muna's Discourse on Energy (Sif Muna gifted
                  | it to you on level 5 of the Realm of Zot)
110362 | Zot:5    | Identified Sif Muna's Spellbook of Mutable Battle Magic
                  | (Sif Muna gifted it to you on level 5 of the Realm of Zot)
110362 | Zot:5    | Identified Sif Muna's Compendium of Kinetic Energy (Sif
                  | Muna gifted it to you on level 5 of the Realm of Zot)
110362 | Zot:5    | Identified Sif Muna's Book of Destined Confrontation (Sif
                  | Muna gifted it to you on level 5 of the Realm of Zot)
110362 | Zot:5    | Identified Toim's Atlas of Formation and the Fjord (Sif
                  | Muna gifted it to you on level 5 of the Realm of Zot)
110362 | Zot:5    | Identified Sif Muna's Omnibus of the Blazing Welkin (Sif
                  | Muna gifted it to you on level 5 of the Realm of Zot)
110362 | Zot:5    | Identified Sif Muna's Monograph on Telluric Position (Sif
                  | Muna gifted it to you on level 5 of the Realm of Zot)
110362 | Zot:5    | Identified Sif Muna's Treatise on Frostbite and Virulence
                  | (Sif Muna gifted it to you on level 5 of the Realm of Zot)
110362 | Zot:5    | Identified Sif Muna's Volume of the Atmosphere and the
                  | Catacomb (Sif Muna gifted it to you on level 5 of the Realm
                  | of Zot)
110362 | Zot:5    | Identified Sif Muna's Spellbook of Ghastly Ignition (Sif
                  | Muna gifted it to you on level 5 of the Realm of Zot)
110362 | Zot:5    | Identified Nekihih's Compilation of the Luminous
                  | Cumulonimbus (Sif Muna gifted it to you on level 5 of the
                  | Realm of Zot)
110362 | Zot:5    | Identified Sif Muna's Volume of Weathered Power (Sif Muna
                  | gifted it to you on level 5 of the Realm of Zot)
110362 | Zot:5    | Identified Dotis's Collected Works on Thunder and Debased
                  | Secrets (Sif Muna gifted it to you on level 5 of the Realm
                  | of Zot)
110368 | Zot:5    | Noticed an orb of fire
110372 | Zot:5    | Killed an orb of fire
110534 | Zot:5    | Killed an orb of fire
110870 | Zot:5    | Noticed an orb of fire
110874 | Zot:5    | Killed an orb of fire
110998 | Zot:5    | Killed an orb of fire
111241 | Zot:5    | Noticed an orb of fire
111242 | Zot:5    | Gained mutation: You occasionally lose the ability to read
                  | scrolls when taking damage. [an orb of fire]
111244 | Zot:5    | Gained mutation: You are dopey. (Int -2) [an orb of fire]
111246 | Zot:5    | Killed an orb of fire
111396 | Zot:5    | Lost mutation: You are dopey. (Int -2) [potion of mutation]
111396 | Zot:5    | Lost mutation: You occasionally lose the ability to drink
                  | potions when taking damage. [potion of mutation]
111396 | Zot:5    | Gained mutation: Potions are less effective at restoring
                  | your health. [potion of mutation]
111396 | Zot:5    | Gained mutation: You passively map a small area around you.
                  | [potion of mutation]
111397 | Zot:5    | Lost mutation: You occasionally lose the ability to read
                  | scrolls when taking damage. [potion of mutation]
111397 | Zot:5    | Lost mutation: You passively map a small area around you.
                  | [potion of mutation]
111397 | Zot:5    | Lost mutation: Your flesh is cold resistant. (rC+) [potion
                  | of mutation]
111397 | Zot:5    | Gained mutation: You are strong-willed. (Will+) [potion of
                  | mutation]
111397 | Zot:5    | Gained mutation: You expend magic power (3 MP) to
                  | strengthen your wands. [potion of mutation]
111398 | Zot:5    | Lost mutation: Your tail ends in a venomous barb. [potion
                  | of mutation]
111398 | Zot:5    | Lost mutation: You have hidden genetic defects. [potion of
                  | mutation]
111398 | Zot:5    | Lost mutation: You are strong-willed. (Will+) [potion of
                  | mutation]
111398 | Zot:5    | Gained mutation: Your magical capacity is low. (-10% MP)
                  | [potion of mutation]
111398 | Zot:5    | Gained mutation: Your spells are a little harder to cast,
                  | but a little more powerful. [potion of mutation]
111439 | Zot:5    | Noticed an orb of fire
111441 | Zot:5    | Gained mutation: You are clumsy. (Dex -2) [an orb of fire]
111442 | Zot:5    | Gained mutation: You are occasionally teleported next to
                  | monsters. [an orb of fire]
111445 | Zot:5    | Killed an orb of fire
111454 | Zot:5    | Lost mutation: You are clumsy. (Dex -2) [potion of
                  | mutation]
111454 | Zot:5    | Lost mutation: Your spells are a little harder to cast, but
                  | a little more powerful. [potion of mutation]
111454 | Zot:5    | Lost mutation: You expend magic power (3 MP) to strengthen
                  | your wands. [potion of mutation]
111454 | Zot:5    | Gained mutation: You have a pair of small antennae on your
                  | head. [potion of mutation]
111454 | Zot:5    | Gained mutation: Your flesh is very heat resistant. (rF++)
                  | [potion of mutation]
111454 | Zot:5    | Gained mutation: Your magical capacity is very low. (-20%
                  | MP) [potion of mutation]
111455 | Zot:5    | Lost mutation: Your magical capacity is very low. (-20% MP)
                  | [potion of mutation]
111455 | Zot:5    | Lost mutation: Your magical capacity is low. (-10% MP)
                  | [potion of mutation]
111455 | Zot:5    | Lost mutation: You are occasionally teleported next to
                  | monsters. [potion of mutation]
111455 | Zot:5    | Gained mutation: You occasionally lose the ability to drink
                  | potions when taking damage. [potion of mutation]
111455 | Zot:5    | Gained mutation: Your muscles are strong. (Str +4, Int/Dex
                  | -1) [potion of mutation]
111574 | Zot:5    | Noticed an ancient lich
111578 | Zot:5    | Killed an ancient lich
111578 | Zot:5    | Identified Sif Muna's Incunabulum of Curses and Attacks
                  | (Sif Muna gifted it to you on level 5 of the Realm of Zot)
111578 | Zot:5    | Identified Sif Muna's Book of Ceraunoscopy (Sif Muna gifted
                  | it to you on level 5 of the Realm of Zot)
111578 | Zot:5    | Identified Sif Muna's Wizardry, Part Seven (Sif Muna gifted
                  | it to you on level 5 of the Realm of Zot)
111578 | Zot:5    | Identified Vikuog's Secrets of the Mutable Lungs (Sif Muna
                  | gifted it to you on level 5 of the Realm of Zot)
111578 | Zot:5    | Identified Zistrish's Compendium of the Traveller and Ashes
                  | (Sif Muna gifted it to you on level 5 of the Realm of Zot)
111578 | Zot:5    | Identified Sif Muna's Catalogue of Feathers and Pyromania
                  | (Sif Muna gifted it to you on level 5 of the Realm of Zot)
111578 | Zot:5    | Identified Voupuvar's Vellum of Mortification and Terra
                  | Firma (Sif Muna gifted it to you on level 5 of the Realm of
                  | Zot)
111578 | Zot:5    | Identified Yhiyr's Compilation of the Eight Nights (Sif
                  | Muna gifted it to you on level 5 of the Realm of Zot)
111578 | Zot:5    | Identified Sif Muna's Codex of Greatest Risks and Utility
                  | (Sif Muna gifted it to you on level 5 of the Realm of Zot)
111578 | Zot:5    | Identified Sif Muna's Catalogue of the Shot (Sif Muna
                  | gifted it to you on level 5 of the Realm of Zot)
111578 | Zot:5    | Identified Zail's Thoughts on the Lethal Sphinx (Sif Muna
                  | gifted it to you on level 5 of the Realm of Zot)
111578 | Zot:5    | Identified Qiusierch's Handbook of Postmortem Virulence
                  | (Sif Muna gifted it to you on level 5 of the Realm of Zot)
111578 | Zot:5    | Identified Sif Muna's Vellum of Formation and Skeletons
                  | (Sif Muna gifted it to you on level 5 of the Realm of Zot)
111578 | Zot:5    | Identified Sif Muna's Textbook on Battle Magic (Sif Muna
                  | gifted it to you on level 5 of the Realm of Zot)
111578 | Zot:5    | Identified Sif Muna's Exposition on Scintillating
                  | Topography (Sif Muna gifted it to you on level 5 of the
                  | Realm of Zot)
111578 | Zot:5    | Identified Sif Muna's Exposition on Amalgamated Glamour
                  | (Sif Muna gifted it to you on level 5 of the Realm of Zot)
111578 | Zot:5    | Identified Jemeoph's Secrets of the Liminal Flock (Sif Muna
                  | gifted it to you on level 5 of the Realm of Zot)
111578 | Zot:5    | Identified Cerebov's Compendium of Oxidation (Sif Muna
                  | gifted it to you on level 5 of the Realm of Zot)
111578 | Zot:5    | Identified Sif Muna's Folio of Gritty Bolts (Sif Muna
                  | gifted it to you on level 5 of the Realm of Zot)
111578 | Zot:5    | Identified Dixeo's Opusculum on Luminous Nightshade (Sif
                  | Muna gifted it to you on level 5 of the Realm of Zot)
111578 | Zot:5    | Identified Sif Muna's Precepts of the Overhead Gestalt (Sif
                  | Muna gifted it to you on level 5 of the Realm of Zot)
111578 | Zot:5    | Identified Fesim's Discourse on the Blazing Fault (Sif Muna
                  | gifted it to you on level 5 of the Realm of Zot)
111578 | Zot:5    | Identified Taylubb's Directory of the Jinx and the Blaze
                  | (Sif Muna gifted it to you on level 5 of the Realm of Zot)
111578 | Zot:5    | Identified Jaoteno Lots's Thoughts on Overhead Graupel (Sif
                  | Muna gifted it to you on level 5 of the Realm of Zot)
111578 | Zot:5    | Identified Sif Muna's Discursus on Diablerie and Malisons
                  | (Sif Muna gifted it to you on level 5 of the Realm of Zot)
111578 | Zot:5    | Identified Sif Muna's Teachings on the Earthen Shot (Sif
                  | Muna gifted it to you on level 5 of the Realm of Zot)
111578 | Zot:5    | Identified Oteywut's Octavo of Kinetic Energy (Sif Muna
                  | gifted it to you on level 5 of the Realm of Zot)
111578 | Zot:5    | Identified Bihi's Catalogue of Conjuring (Sif Muna gifted
                  | it to you on level 5 of the Realm of Zot)
111578 | Zot:5    | Identified Sif Muna's Encyclopedia of the Shadowy Salvo
                  | (Sif Muna gifted it to you on level 5 of the Realm of Zot)
111578 | Zot:5    | Identified Safu Bya's Volume of Assembled Breccia (Sif Muna
                  | gifted it to you on level 5 of the Realm of Zot)
111578 | Zot:5    | Identified Sif Muna's Anthology of Inconstant Death (Sif
                  | Muna gifted it to you on level 5 of the Realm of Zot)
111578 | Zot:5    | Identified Sif Muna's Tractate on the Aerial Charnel House
                  | (Sif Muna gifted it to you on level 5 of the Realm of Zot)
111578 | Zot:5    | Identified Uxka's Essays on Dislocated Shapes (Sif Muna
                  | gifted it to you on level 5 of the Realm of Zot)
111578 | Zot:5    | Identified Sif Muna's Folio of Prime Incineration (Sif Muna
                  | gifted it to you on level 5 of the Realm of Zot)
111578 | Zot:5    | Identified Odduroih's Octavo of the Dead and Cinders (Sif
                  | Muna gifted it to you on level 5 of the Realm of Zot)
111578 | Zot:5    | Identified Sif Muna's Thorough Guide to Spellwork (Sif Muna
                  | gifted it to you on level 5 of the Realm of Zot)
111578 | Zot:5    | Identified Sif Muna's Elucidation of Calid Corpses (Sif
                  | Muna gifted it to you on level 5 of the Realm of Zot)
111578 | Zot:5    | Identified Sif Muna's Spellbook of Power (Sif Muna gifted
                  | it to you on level 5 of the Realm of Zot)
111578 | Zot:5    | Identified Sif Muna's Volume of Impulse (Sif Muna gifted it
                  | to you on level 5 of the Realm of Zot)
111578 | Zot:5    | Identified Sif Muna's Anthology of Assaults (Sif Muna
                  | gifted it to you on level 5 of the Realm of Zot)
112116 | Zot:5    | Gained mutation: You are resistant to electric shocks.
                  | (rElec) [an orb of fire]
112354 | Zot:5    | Killed an orb of fire
112579 | Zot:5    | Got the Orb of Zot
112677 | Zot:2    | Identified Sif Muna's Omnibus of Combat Magic (Sif Muna
                  | gifted it to you on level 2 of the Realm of Zot)
112677 | Zot:2    | Identified Sif Muna's Incunable of Fulgurous Concussion
                  | (Sif Muna gifted it to you on level 2 of the Realm of Zot)
112677 | Zot:2    | Identified Sif Muna's Papyrus of Causimancy and
                  | Confrontation (Sif Muna gifted it to you on level 2 of the
                  | Realm of Zot)
112677 | Zot:2    | Identified Sif Muna's Precepts of Dark Ceremonies and
                  | Infection (Sif Muna gifted it to you on level 2 of the
                  | Realm of Zot)
112677 | Zot:2    | Identified Sif Muna's Compilation of Combative Beguiling
                  | (Sif Muna gifted it to you on level 2 of the Realm of Zot)
112677 | Zot:2    | Identified Sif Muna's Discourse on Phantasmal Incineration
                  | (Sif Muna gifted it to you on level 2 of the Realm of Zot)
112677 | Zot:2    | Identified Sif Muna's Octavo of the Discharge (Sif Muna
                  | gifted it to you on level 2 of the Realm of Zot)
112677 | Zot:2    | Identified Sif Muna's Papyrus of Bolts (Sif Muna gifted it
                  | to you on level 2 of the Realm of Zot)
112677 | Zot:2    | Identified Sif Muna's Reference Book on Austromancy (Sif
                  | Muna gifted it to you on level 2 of the Realm of Zot)
112677 | Zot:2    | Identified Sif Muna's Vademecum on the Volcano (Sif Muna
                  | gifted it to you on level 2 of the Realm of Zot)
112677 | Zot:2    | Identified Ufyablen's Grimoire of Portals and the Coward
                  | (Sif Muna gifted it to you on level 2 of the Realm of Zot)
112677 | Zot:2    | Identified Sif Muna's Exposition on the Gusty Shot (Sif
                  | Muna gifted it to you on level 2 of the Realm of Zot)
112677 | Zot:2    | Identified Sif Muna's Guidebook on Despair and Execration
                  | (Sif Muna gifted it to you on level 2 of the Realm of Zot)
112677 | Zot:2    | Identified Sif Muna's Atlas of Hexes and Percussion (Sif
                  | Muna gifted it to you on level 2 of the Realm of Zot)
112677 | Zot:2    | Identified Pidasoc's Quarto of Concussion (Sif Muna gifted
                  | it to you on level 2 of the Realm of Zot)
112677 | Zot:2    | Identified Sif Muna's Discourse on the Sixfirhy (Sif Muna
                  | gifted it to you on level 2 of the Realm of Zot)
112677 | Zot:2    | Identified Sif Muna's Handbook of Gloom (Sif Muna gifted it
                  | to you on level 2 of the Realm of Zot)
112677 | Zot:2    | Identified Sif Muna's Essays on Luminous Orogeny (Sif Muna
                  | gifted it to you on level 2 of the Realm of Zot)
112677 | Zot:2    | Identified Sif Muna's Folio of the Crater (Sif Muna gifted
                  | it to you on level 2 of the Realm of Zot)
112677 | Zot:2    | Identified Sif Muna's Opusculum on Momentum (Sif Muna
                  | gifted it to you on level 2 of the Realm of Zot)
112677 | Zot:2    | Identified Sif Muna's Exposition on Bruises (Sif Muna
                  | gifted it to you on level 2 of the Realm of Zot)
112677 | Zot:2    | Identified Sif Muna's Guide on the Volcano and Space (Sif
                  | Muna gifted it to you on level 2 of the Realm of Zot)
112677 | Zot:2    | Identified Sif Muna's Excursus on Injury (Sif Muna gifted
                  | it to you on level 2 of the Realm of Zot)
112677 | Zot:2    | Identified Sif Muna's Quarto of Foggy Minerals (Sif Muna
                  | gifted it to you on level 2 of the Realm of Zot)
112677 | Zot:2    | Identified Sif Muna's Elucidation of Grey Malediction (Sif
                  | Muna gifted it to you on level 2 of the Realm of Zot)
112677 | Zot:2    | Identified Ibiuffo's Almanac of Glacial Necromancy (Sif
                  | Muna gifted it to you on level 2 of the Realm of Zot)
112677 | Zot:2    | Received a gift from Sif Muna
112948 | D:13     | Noticed Niafiur the pandemonium lord
113293 | D:3      | Noticed Colagaiff the pandemonium lord
113300 | D:3      | Killed Colagaiff the pandemonium lord
113620 | D:4      | Noticed Loavveul the pandemonium lord
113631 | D:4      | Killed Loavveul the pandemonium lord
113750 | D:4      | Noticed Anirerch the pandemonium lord
113776 | D:4      | Killed Anirerch the pandemonium lord
113783 | D:4      | Noticed Udwiedott the pandemonium lord
113791 | D:4      | Killed Udwiedott the pandemonium lord
114050 | D:4      | Noticed Boris
114057 | D:4      | Killed Boris
114482 | D:4      | Noticed Boris
114491 | D:4      | Killed Boris
114516 | D:4      | Noticed Wicihaet the pandemonium lord
114529 | D:4      | Killed Wicihaet the pandemonium lord
114895 | D:4      | Noticed Ifulurr the pandemonium lord
114907 | D:4      | Killed Ifulurr the pandemonium lord
114910 | D:4      | Identified Sif Muna's Compilation of Outbursts (Sif Muna
                  | gifted it to you on level 4 of the Dungeon)
114910 | D:4      | Identified Kaecary's Octavo of Abominable Rituals and
                  | Conflagration (Sif Muna gifted it to you on level 4 of the
                  | Dungeon)
114910 | D:4      | Identified Sif Muna's Elucidation of Destruction (Sif Muna
                  | gifted it to you on level 4 of the Dungeon)
114910 | D:4      | Identified Sif Muna's Octavo of the Spicy Volcano (Sif Muna
                  | gifted it to you on level 4 of the Dungeon)
114910 | D:4      | Identified Sif Muna's Incunabulum of Damage (Sif Muna
                  | gifted it to you on level 4 of the Dungeon)
114910 | D:4      | Identified Sif Muna's Writings on the Glacier (Sif Muna
                  | gifted it to you on level 4 of the Dungeon)
114910 | D:4      | Identified Sif Muna's Discursus on Anemomancy (Sif Muna
                  | gifted it to you on level 4 of the Dungeon)
114910 | D:4      | Identified Sif Muna's Guidebook on the Translocational
                  | Spider (Sif Muna gifted it to you on level 4 of the
                  | Dungeon)
114910 | D:4      | Identified Ifaiptol's Secrets of Voltaic Outbursts (Sif
                  | Muna gifted it to you on level 4 of the Dungeon)
114910 | D:4      | Identified Sif Muna's Collected Works on the Tainted Oath
                  | (Sif Muna gifted it to you on level 4 of the Dungeon)
114910 | D:4      | Identified Kyuxi's Catalogue of Lofty Conjuration (Sif Muna
                  | gifted it to you on level 4 of the Dungeon)
114910 | D:4      | Identified Sif Muna's Compendium of Necromantic Magic and
                  | Attacks (Sif Muna gifted it to you on level 4 of the
                  | Dungeon)
114910 | D:4      | Identified Sif Muna's Papyrus of Conjuring and Formation
                  | (Sif Muna gifted it to you on level 4 of the Dungeon)
114910 | D:4      | Identified Sif Muna's Atlas of Bombardment (Sif Muna gifted
                  | it to you on level 4 of the Dungeon)
114910 | D:4      | Identified Sif Muna's Spellbook of Solid Rime (Sif Muna
                  | gifted it to you on level 4 of the Dungeon)
114910 | D:4      | Identified Sif Muna's Meditations on the Impact (Sif Muna
                  | gifted it to you on level 4 of the Dungeon)
114910 | D:4      | Identified Ipru Sua's Secrets of Glowing Forces (Sif Muna
                  | gifted it to you on level 4 of the Dungeon)
114910 | D:4      | Identified Sif Muna's Directory of Lightning (Sif Muna
                  | gifted it to you on level 4 of the Dungeon)
114910 | D:4      | Identified Neod's Handbook of the Fiery Cumulonimbus (Sif
                  | Muna gifted it to you on level 4 of the Dungeon)
114910 | D:4      | Identified Sif Muna's Quarto of Violent Ozone (Sif Muna
                  | gifted it to you on level 4 of the Dungeon)
114910 | D:4      | Identified Sif Muna's Opusculum on Mighty Metal (Sif Muna
                  | gifted it to you on level 4 of the Dungeon)
114910 | D:4      | Identified Sif Muna's Incunabulum of Unholy Wounds (Sif
                  | Muna gifted it to you on level 4 of the Dungeon)
114910 | D:4      | Identified Sif Muna's Vellum of Filth and the Discharge
                  | (Sif Muna gifted it to you on level 4 of the Dungeon)
114910 | D:4      | Identified Sif Muna's Almanac of the Mantidfly (Sif Muna
                  | gifted it to you on level 4 of the Dungeon)
114910 | D:4      | Identified Sif Muna's Papyrus of the Coals and
                  | Electrocution (Sif Muna gifted it to you on level 4 of the
                  | Dungeon)
114910 | D:4      | Identified Sif Muna's Discursus on the Mortuary Tropics
                  | (Sif Muna gifted it to you on level 4 of the Dungeon)
114910 | D:4      | Identified Sif Muna's Teachings on Battle Magic and the
                  | Tincture (Sif Muna gifted it to you on level 4 of the
                  | Dungeon)
114910 | D:4      | Identified Sif Muna's Textbook on Bright Thermatology (Sif
                  | Muna gifted it to you on level 4 of the Dungeon)
114910 | D:4      | Identified Sif Muna's Disquisition on Forces (Sif Muna
                  | gifted it to you on level 4 of the Dungeon)
114910 | D:4      | Identified Sif Muna's Precepts of Changing and the Tektite
                  | (Sif Muna gifted it to you on level 4 of the Dungeon)
114910 | D:4      | Identified Sif Muna's Folio of Azure Grit (Sif Muna gifted
                  | it to you on level 4 of the Dungeon)
114910 | D:4      | Identified Hato's Tome of Solid Putrescence (Sif Muna
                  | gifted it to you on level 4 of the Dungeon)
114910 | D:4      | Identified Sif Muna's Atlas of Felsic Wounds (Sif Muna
                  | gifted it to you on level 4 of the Dungeon)
114910 | D:4      | Identified Sif Muna's Spellbook of the Catacomb and the
                  | Familiar (Sif Muna gifted it to you on level 4 of the
                  | Dungeon)
114910 | D:4      | Identified Sif Muna's Codex of the Volley (Sif Muna gifted
                  | it to you on level 4 of the Dungeon)
114910 | D:4      | Identified Sif Muna's Directory of the Quahog (Sif Muna
                  | gifted it to you on level 4 of the Dungeon)
114910 | D:4      | Identified Sif Muna's Exposition on Oromancy and Bad Luck
                  | (Sif Muna gifted it to you on level 4 of the Dungeon)
114910 | D:4      | Identified Zillol's Book of the Icicle and Fog (Sif Muna
                  | gifted it to you on level 4 of the Dungeon)
114910 | D:4      | Identified Sif Muna's Anthology of the Shot (Sif Muna
                  | gifted it to you on level 4 of the Dungeon)
114910 | D:4      | Identified Sif Muna's Cyclopedia of the Fluctuating
                  | Scorpion (Sif Muna gifted it to you on level 4 of the
                  | Dungeon)
114928 | D:4      | Fell from the grace of Sif Muna
114928 | D:4      | Became a worshipper of Yredelemnul the Dark
115044 | D:1      | Reached * piety under Yredelemnul
115106 | D:$      | Escaped with the Orb!

Illustrated notes

Levels and vault maps discovered:
D:1:      dpeg_arrival_concentric_ovals, layout_basic,
          chequers_ecumenical_altar_grove, hex_medium, kennysheep_crisscross
D:2:      layout_loops_corners, hangedman_decor_clover_reticule
D:3:      layout_loops_ring, nicolae_dithmenos_the_darkroom,
          nicolae_ru_great_annihilating_truth, ebering_ghost_gozag
D:4:      layout_basic, gammafunk_temple_overflow_statue
D:5:      layout_loops_corners, fiery_altar_vehumet,
          hangedman_abyss_or_decor_stagger, palyth_stone_intersect, uniq_edmund
D:6:      layout_loops_ring, zin_purify, minmay_temple_entry_wispy,
          serial_shops, shop, minmay_puff
D:7:      layout_basic, nzn_hepliaklqana_mist_gate
D:8:      layout_loops_ring, lightli_minifort, uniq_psyche
D:9:      layout_roguey, mainiacjoe_overflow_chevrons, enter_bailey_2,
          serial_aquarium, aquarium_bridge_long_separate
          [aquarium_subvault_bridge, aquarium_subvault_bridge,
          aquarium_subvault_window, aquarium_subvault_wall,
          aquarium_subvault_wall, aquarium_subvault_bridge],
          aquarium_window_fake, aquarium_window_1, aquarium_window_corner,
          aquarium_view_2c, serial_shops, nicolae_shop_trees, minivault_5
D:10:     layout_cave_pools, nicolae_tso_swordbearing_angel, david_lair_generic
D:11:     layout_cave_pools, orc_0_dummy, minivault_20,
          kennysheep_generic_room_5
D:12:     layout_stronghold, uniq_sonja
D:13:     layout_loops_corners, serial_bayou_pond_e, st_stairs_1
D:14:     layout_grid_maze, hellmonk_vaults_order_and_chaos, serial_glass,
          glass_columns_b, glass_columns_b
D:15:     hangedman_depths_entry_try_elsewhere_first, layout_irregular_city,
          portal_ice_cave_entry_ugly_swarm, serial_shops, shop,
          gauntlet_entry_generic, nicolae_ashenzari_panopticon, uniq_roxanne,
          uniq_louise
Temple:   nicolae_temple_ecumenical_triangle
Lair:1:   layout_cave_pods, gammafunk_ghost_necromancy, pond
Lair:2:   layout_hall_layers, minmay_shoals_entry_hut, lemuel_fruit_tree,
          serial_bayou_shore_a, serial_bayou_shore_b,
          infiniplex_staircase_pool_2, grunt_megastairs_1, uniq_fannar
Lair:3:   layout_concentric_octagons, nicolae_spider_entry_lesser_pyramids,
          basic_altar, pf_torpor_hydra
Lair:4:   layout_loops_ring, dpeg_slime_entry_corner, gammafunk_ghost_split,
          st_stairs_3, grunt_megastairs_3
Lair:5:   guppyfry_lair_end_dragon, layout_long_grid,
          nicolae_quartered_pool_impasse, grunt_megastairs_5
Shoals:1: layout_shoals, uniq_frances, uniq_kirke
Shoals:2: layout_shoals, uniq_ilsuiw
Shoals:3: layout_shoals, nicolae_shoals_siren_and_animal_friends, uniq_donald
Shoals:4: shoals_end_hellmonk_storm_palace [storm_palace_center_square,
          storm_palace_corner_narrow, storm_palace_corner_pillars,
          storm_palace_corner_pillars, storm_palace_corner_altar], serial_shops
Spider:1: layout_chambers, nicolae_spider_world_wide_web
Spider:2: layout_spider_delve, guppyfry_spider_mini_1
Spider:3: layout_cave_pods, nicolae_spider_swamp_cousins
Spider:4: grunt_spider_rune_circles
Orc:1:    layout_diamond_mine
Orc:2:    st_orc_rangers, layout_caves, nicolae_shop_self_help
Elf:1:    nicolae_elf_arrival_fired_up, layout_loops_cross, basic_altar,
          uniq_agnes, uniq_asterion
Elf:2:    nicolae_elf_blades_crystal_corner, layout_geoelf_diagonals,
          serial_shops, shop
Elf:3:    grunt_elf_hall_spiral, layout_geoelf_octagon
Vaults:1: v_rooms_5, vaults_mumra_lcd, nicolae_vaults_arrows,
          nicolae_vaults_storage_closets_1, hangedman_vaults_slice,
          vaults_room_guarded_vault, layout_vaults_omnigrid
Vaults:2: nicolae_vaults_disjoint_gnomons, nicolae_vaults_wine_cellar,
          nicolae_vaults_ring_of_whatevers, hangedman_vaults_maws,
          nicolae_vaults_trapezoid_layered,
          nicolae_vaults_offset_grid_hallway_1, nicolae_vaults_tetromino_L_2,
          grunt_vaults_funnel, nicolae_vaults_little_squares_2, v_alt_pattern_1,
          nicolae_vaults_trapezoid_4, layout_vaults_chaotic_city,
          dummy_crypt_entry
Vaults:3: nicolae_vaults_ninety_degrees, v_misc_30,
          nicolae_vaults_stepped_doors, nicolae_vaults_trapezoid_lopsided_1,
          hangedman_vaults_nodes, nicolae_vaults_closet_pinwheel_2,
          ontoclasm_vaults_decontamination, nicolae_vaults_weapon_check,
          nicolae_vaults_tetromino_L_1, nicolae_vaults_apartment_1,
          layout_vaults_omnibox, uniq_saint_roka
Vaults:4: v_misc_8, v_pattern_1, nicolae_vaults_six-pack,
          nicolae_vaults_shelves_hall, nicolae_vaults_closet_pinwheel_5,
          nicolae_vaults_security_offices_5, vaults_room_fancy_cross,
          ontoclasm_vaults_chip, nicolae_vaults_diamond_2,
          nicolae_vaults_storage_closets_2, nicolae_vaults_house_1,
          nicolae_vaults_door_testing_chamber, nicolae_vaults_trapezoid_2,
          layout_vaults_maze_snakey
Vaults:5
Crypt:1:  layout_misc_corridors, uniq_boris, uniq_khufu, uniq_mennas
Crypt:2:  layout_catacombs
Crypt:3:  david_glass_crypt, layout_gridlike, tomb_entry_shell_bobbens,
          hex_intersection, uniq_zenata
Depths:1: layout_roguey, grunt_metal_band, lemuel_statue_altar,
          nrook_mini_backslash, kennysheep_inner_square
Depths:2: lemuel_river_lethe, pan_entry, hell_entry, abyss_entry
Depths:3: evilmike_inaccessible_box, layout_cave_shapes,
          nicolae_abyss_entry_one_way_or_another, hangedman_coc_ice_floe,
          serial_co_window_serial, co_window_of_opportunity_a,
          co_window_corner_a, co_window_paths_a, co_window_paths_a,
          co_window_paths_a, co_window_cross_1, co_window_corner_a,
          co_window_paths_b, co_window_corner_a, co_window_unsneaky_path_d,
          co_window_corner_b, co_window_broadway_b, co_window_of_opportunity_c,
          glass_columns_a, glass_columns_a, glass_columns_b, xom_redecorated
Depths:4: evilmike_zot_entry_basic, layout_cave_shapes, hell_entry,
          nicolae_uskayaw_suspiria, nzn_wu_jian_contemplation
Zot:1:    layout_onion_interference, grunt_ministairs_11, st_stairs_10
Zot:2:    layout_misc_corridors, nicolae_zot_crop_circle
Zot:3:    layout_cellular_growth
Zot:4:    layout_onion_interference
Zot:5:    layout_gridville, door_vault

Skill      XL: |  1  2  3  4  5  6  7  8  9 10 11 12 13 14 15 16 17 18 19 20 21 22 23 24 25 26 27 |
---------------+----------------------------------------------------------------------------------+-----
Fighting       | 1 2 3 4 5 6 7 9 12 14 15 18 20 21 | 21.0
Spellcasting   | 3 5 6 9 10 12 13 15 16 18 20 | 20.1
Fire Magic     | 1 8 12 16 20 | 20.0
Conjurations   | 1 6 7 12 16 19 20 | 20.0
Dodging        | 5 6 10 16 | 16.0
Invocations    | 8 12 14 16 | 16.0
Poison Magic   | 2 5 10 | 10.0
Evocations     | 9 10 21 | 21.4
Shields        | 4 10 | 10.0
Air Magic      | 9 10 12 | 12.0
Necromancy     | 10 | 10.0
Earth Magic    | 3 12 | 12.0
Stealth        | |  1.7

Action                     |  1- 3 |  4- 6 |  7- 9 | 10-12 | 13-15 | 16-18 | 19-21 | 22-24 | 25-27 || total
---------------------------+-------+-------+-------+-------+-------+-------+-------+-------+-------++-------
  Melee: Unarmed           |    19 |       |       |       |       |       |       |       |       ||    19
         Tailslap          |     5 |     3 |    19 |    11 |    20 |    14 |     6 |    27 |     3 ||   108
         Dagger            |     2 |       |       |       |       |       |    25 |    95 |     8 ||   130
         Short sword       |    12 |    23 |    84 |    62 |    13 |       |       |       |       ||   194
         War axe           |       |     4 |       |       |       |    20 |     5 |     2 |     1 ||    32
         Punch             |       |       |     1 |     3 |     2 |     1 |       |       |       ||     7
         Rapier            |       |       |       |       |    71 |    15 |       |       |       ||    86
         Staff             |       |       |       |       |       |    12 |       |       |       ||    12
  Throw: Dart              |       |       |       |       |     1 |       |       |       |       ||     1
   Cast: Necrotise         |    78 |    62 |   109 |    10 |     5 |       |       |       |       ||   264
         Flame Wave        |       |       |    18 |    68 |    21 |     1 |       |       |       ||   108
         Sticky Flame      |       |       |     5 |    44 |    11 |    17 |     1 |       |       ||    78
         Stone Arrow       |       |       |       |    94 |   225 |   184 |   147 |    98 |       ||   748
         Ignite Poison     |       |       |       |     2 |     1 |       |   220 |    26 |   218 ||   467
         Mephitic Cloud    |       |       |       |     2 |       |     2 |       |       |       ||     4
         Starburst         |       |       |       |       |   155 |   207 |    85 |   111 |    47 ||   605
         Fireball          |       |       |       |       |   175 |   435 |    14 |    40 |     6 ||   670
         Orb of Destructio |       |       |       |       |    30 |    23 |    15 |    22 |    46 ||   136
         Iskenderun's Myst |       |       |       |       |       |     6 |    42 |     5 |     7 ||    60
         Blink             |       |       |       |       |       |     1 |     1 |     1 |     1 ||     4
         Poisonous Vapours |       |       |       |       |       |       |   253 |    33 |   297 ||   583
         Olgreb's Toxic Ra |       |       |       |       |       |       |    72 |    19 |    63 ||   154
         Dispel Undead     |       |       |       |       |       |       |   170 |   156 |    70 ||   396
         Apportation       |       |       |       |       |       |       |       |    21 |       ||    21
         Ignition          |       |       |       |       |       |       |       |    38 |    40 ||    78
         Bombard           |       |       |       |       |       |       |       |    42 |   375 ||   417
         Sublimation of Bl |       |       |       |       |       |       |       |       |   101 ||   101
         Borgnjor's Vile C |       |       |       |       |       |       |       |       |    86 ||    86
         Plasma Beam       |       |       |       |       |       |       |       |       |    73 ||    73
         Chain Lightning   |       |       |       |       |       |       |       |       |     1 ||     1
 Invoke: Channel Magic     |       |       |       |     4 |    13 |    22 |    14 |     9 |     9 ||    71
         Divine Exegesis   |       |       |       |       |       |       |       |       |     1 ||     1
Ability: Breathe Fire      |       |       |    16 |    15 |     8 |     4 |       |       |       ||    43
  Evoke: Wand              |       |       |       |     1 |     3 |     9 |     8 |       |     6 ||    27
         Phantom mirror    |       |       |       |       |     1 |     2 |       |       |       ||     3
         Lightning rod     |       |       |       |       |       |       |       |       |     4 ||     4
    Use: Scroll            |       |       |       |    14 |    14 |    17 |    14 |     5 |     9 ||    73
         Potion            |       |       |       |     5 |     4 |     4 |     9 |     2 |    19 ||    43
   Stab: Distracted        |     2 |       |       |       |       |       |       |       |       ||     2
 Armour: Skin              |    24 |    31 |   112 |   321 |   443 |   552 |   350 |   381 |   500 ||  2714
  Dodge: Dodged            |    31 |    31 |    81 |   250 |   436 |   343 |   217 |   253 |   348 ||  1990
         Repelled          |       |       |       |       |     4 |       |       |       |       ||     4
  Block: Kite shield       |       |       |       |       |       |   276 |   368 |   406 |   331 ||  1381
         Reflection        |       |       |       |       |       |    11 |    42 |     8 |    30 ||    91

Table legend: (Time is in decaauts)
 A = Elapsed time spent in this place.
 B = Non-inter-level travel time spent in this place.
 C = Inter-level travel time spent in this place.
 D = Time resting spent in this place.
 E = Time spent auto-exploring this place.
 F = Levels seen in this place.
 G = Mean time per level.
                   A        B        C        D        E       F      G
               +--------+--------+--------+--------+--------+-----+--------+
         Total | 115696 | 107767 |   7929 |  37634 |  55429 |  54 | 2142.5 |
       Dungeon |  25103 |  21987 |   3116 |   5228 |  13726 |  15 | 1673.5 |
        Temple |     48 |     31 |     17 |      0 |     12 |   1 |   48.0 |
          Lair |  11734 |  10755 |    979 |   2940 |   6742 |   5 | 2346.8 |
        Shoals |   9504 |   9195 |    309 |   3807 |   4227 |   4 | 2376.0 |
   Spider Nest |  10433 |  10183 |    250 |   5747 |   3323 |   4 | 2608.2 |
  Orcish Mines |   4015 |   3716 |    299 |   2284 |   1131 |   2 | 2007.5 |
   Elven Halls |   6112 |   5931 |    181 |    784 |   4266 |   3 | 2037.3 |
        Vaults |  11138 |  10442 |    696 |    918 |   8119 |   5 | 2227.6 |
         Crypt |   7319 |   6941 |    378 |   2611 |   3391 |   3 | 2439.7 |
        Depths |  10572 |   9939 |    633 |   2265 |   6194 |   4 | 2643.0 |
           Zot |  14536 |  13470 |   1066 |   7639 |   4166 |   5 | 2907.2 |
         Abyss |    612 |    612 |      0 |     49 |      0 |   1 |  612.0 |
        Bailey |    772 |    772 |      0 |    395 |     69 |   1 |  772.0 |
      Ice Cave |   3791 |   3791 |      0 |   2964 |     61 |   1 | 3791.0 |
               +--------+--------+--------+--------+--------+-----+--------+

Top non-repeatable levels by time:
   Zot:5: 6014 daAuts
   IceCv: 3791 daAuts
Spider:3: 3690 daAuts
Depths:2: 3646 daAuts
    D:14: 3601 daAuts
 Crypt:1: 3290 daAuts
   Zot:3: 3194 daAuts
Depths:1: 3098 daAuts
   Zot:1: 3089 daAuts
  Lair:2: 2971 daAuts
Spider:1: 2968 daAuts
 Crypt:3: 2891 daAuts
Depths:3: 2866 daAuts
Vaults:1: 2781 daAuts
  Lair:5: 2758 daAuts
